Workbook

Sheet Otra
C3: FICHA TÉCNICA PARA REALIZAR LA REHABILITACIÓN DE SISTEMAS DE ABASTECIMIENTO DE AGUA
C5: Comunidad: | D5: 1 - KAPICHIRAURE
C6: Municipio: | D6: Manaure
C7: Ubicación: | D7: Area rural del municipio de Manaure
C8: Estado: | D8: Fuera de servicio
C9: Captación de agua: | D9: Pozo Subterráneo
C10: Diámetro: | D10: 6''
C12: 1. MATERIALES
C13: CODIGO | D13: DESCRIPCIÓN | E13: UNIDAD | F13: CANTIDAD | G13: VALOR UNITARIO | H13: VALOR TOTAL
C14: =+#REF! -> #REF! | D14: =+#REF! -> #REF! | E14: =+#REF! -> #REF! | F14: =+#REF! -> #REF! | G14: =+#REF! -> #REF! | H14: =+G14*F14 -> #REF!
C15: =+#REF! -> #REF! | D15: =+#REF! -> #REF! | E15: =+#REF! -> #REF! | F15: =+#REF! -> #REF! | G15: =+#REF! -> #REF! | H15: =+G15*F15 -> #REF!
C16: =+#REF! -> #REF! | D16: =+#REF! -> #REF! | E16: =+#REF! -> #REF! | F16: =+#REF! -> #REF! | G16: =+#REF! -> #REF! | H16: =+G16*F16 -> #REF!
C17: =+#REF! -> #REF! | D17: =+#REF! -> #REF! | E17: =+#REF! -> #REF! | F17: =+#REF! -> #REF! | G17: =+#REF! -> #REF! | H17: =+G17*F17 -> #REF!
C18: =+#REF! -> #REF! | D18: =+#REF! -> #REF! | E18: =+#REF! -> #REF! | F18: =+#REF! -> #REF! | G18: =+#REF! -> #REF! | H18: =+G18*F18 -> #REF!
C19: =+#REF! -> #REF! | D19: =+#REF! -> #REF! | E19: =+#REF! -> #REF! | F19: =+#REF! -> #REF! | G19: =+#REF! -> #REF! | H19: =+G19*F19 -> #REF!
C20: =+#REF! -> #REF! | D20: =+#REF! -> #REF! | E20: =+#REF! -> #REF! | F20: =+#REF! -> #REF! | G20: =+#REF! -> #REF! | H20: =+G20*F20 -> #REF!
C21: =+#REF! -> #REF! | D21: =+#REF! -> #REF! | E21: =+#REF! -> #REF! | F21: =+#REF! -> #REF! | G21: =+#REF! -> #REF! | H21: =+G21*F21 -> #REF!
C22: =+#REF! -> #REF! | D22: =+#REF! -> #REF! | E22: =+#REF! -> #REF! | F22: =+#REF! -> #REF! | G22: =+#REF! -> #REF! | H22: =+G22*F22 -> #REF!
C23: =+#REF! -> #REF! | D23: =+#REF! -> #REF! | E23: =+#REF! -> #REF! | F23: =+#REF! -> #REF! | G23: =+#REF! -> #REF! | H23: =+G23*F23 -> #REF!
C24: =+#REF! -> #REF! | D24: =+#REF! -> #REF! | E24: =+#REF! -> #REF! | F24: =+#REF! -> #REF! | G24: =+#REF! -> #REF! | H24: =+G24*F24 -> #REF!
C25: =+#REF! -> #REF! | D25: =+#REF! -> #REF! | E25: =+#REF! -> #REF! | F25: =+#REF! -> #REF! | G25: =+#REF! -> #REF! | H25: =+G25*F25 -> #REF!
... C34: =+#REF! -> #REF! | D34: =+#REF! -> #REF! | E34: =+#REF! -> #REF! | F34: =+#REF! -> #REF! | G34: =+#REF! -> #REF! | H34: =+G34*F34 -> #REF!
F35: SUBTOTAL | H35: =SUM(H14:H34) -> #REF!
C36: PRESUPUESTO OFICIAL LIMPIEZA DE POZOS
C37: ITEM | D37: DESCRIPCION | E37: UNIDAD | F37: CANTIDAD | G37: VALOR UNITARIO | H37: VALOR TOTAL
C38: =+#REF! -> #REF! | D38: =+#REF! -> #REF! | E38: =+#REF! -> #REF! | F38: 1 | G38: =+#REF! -> #REF! | H38: =+G38*F38 -> #REF!
C39: =+#REF! -> #REF! | D39: =+#REF! -> #REF! | E39: =+#REF! -> #REF! | F39: 1 | G39: =+#REF! -> #REF! | H39: =+G39*F39 -> #REF!
C40: =+#REF! -> #REF! | D40: =+#REF! -> #REF! | E40: =+#REF! -> #REF! | F40: 1 | G40: =+#REF! -> #REF! | H40: =+G40*F40 -> #REF!
C41: =+#REF! -> #REF! | D41: =+#REF! -> #REF! | E41: =+#REF! -> #REF! | F41: 1 | G41: =+#REF! -> #REF! | H41: =+G41*F41 -> #REF!
C42: =+#REF! -> #REF! | D42: =+#REF! -> #REF! | E42: =+#REF! -> #REF! | F42: 1 | G42: =+#REF! -> #REF! | H42: =+G42*F42 -> #REF!
C43: VALOR TOTAL DE UN POZO | H43: =SUM(H38:H42) -> #REF!
C44: TOTAL COSTOS DIRECTOS | H44: =+H43+H35 -> #REF!
C47: FICHA TÉCNICA PARA REALIZAR LA REHABILITACIÓN DE SISTEMAS DE ABASTECIMIENTO DE AGUA
C49: Comunidad: | D49: 2 - PECTUNAI
C50: Municipio: | D50: Manaure
C51: Ubicación: | D51: Area rural del municipio de Manaure
C52: Estado: | D52: Fuera de servicio
C53: Captación de agua: | D53: Pozo Subterráneo
C54: Diámetro: | D54: 6''
C56: 1. MATERIALES
C57: CODIGO | D57: DESCRIPCIÓN | E57: UNIDAD | F57: CANTIDAD | G57: VALOR UNITARIO | H57: VALOR TOTAL
C58: =+#REF! -> #REF! | D58: =+#REF! -> #REF! | E58: =+#REF! -> #REF! | F58: =+#REF! -> #REF! | G58: =+#REF! -> #REF! | H58: =G58*F58 -> #REF!
C59: =+#REF! -> #REF! | D59: =+#REF! -> #REF! | E59: =+#REF! -> #REF! | F59: =+#REF! -> #REF! | G59: =+#REF! -> #REF! | H59: =G59*F59 -> #REF!
C60: =+#REF! -> #REF! | D60: =+#REF! -> #REF! | E60: =+#REF! -> #REF! | F60: =+#REF! -> #REF! | G60: =+#REF! -> #REF! | H60: =G60*F60 -> #REF!
C61: =+#REF! -> #REF! | D61: =+#REF! -> #REF! | E61: =+#REF! -> #REF! | F61: =+#REF! -> #REF! | G61: =+#REF! -> #REF! | H61: =G61*F61 -> #REF!
C62: =+#REF! -> #REF! | D62: =+#REF! -> #REF! | E62: =+#REF! -> #REF! | F62: =+#REF! -> #REF! | G62: =+#REF! -> #REF! | H62: =G62*F62 -> #REF!
F63: SUBTOTAL | H63: =SUM(H58:H62) -> #REF!
C64: PRESUPUESTO OFICIAL LIMPIEZA DE POZOS
C65: ITEM | D65: DESCRIPCION | E65: UNIDAD | F65: CANTIDAD | G65: VALOR UNITARIO | H65: VR. TOTAL
C66: =+C38 -> #REF! | D66: =+D38 -> #REF! | E66: =+E38 -> #REF! | F66: =+F38 -> 1 | G66: =+G38 -> #REF! | H66: =+G66*F66 -> #REF!
C67: =+C39 -> #REF! | D67: =+D39 -> #REF! | E67: =+E39 -> #REF! | F67: =+F39 -> 1 | G67: =+G39 -> #REF! | H67: =+G67*F67 -> #REF!
C68: =+C40 -> #REF! | D68: =+D40 -> #REF! | E68: =+E40 -> #REF! | F68: =+F40 -> 1 | G68: =+G40 -> #REF! | H68: =+G68*F68 -> #REF!
C69: =+C41 -> #REF! | D69: =+D41 -> #REF! | E69: =+E41 -> #REF! | F69: =+F41 -> 1 | G69: =+G41 -> #REF! | H69: =+G69*F69 -> #REF!
C70: =+C42 -> #REF! | D70: =+D42 -> #REF! | E70: =+E42 -> #REF! | F70: =+F42 -> 1 | G70: =+G42 -> #REF! | H70: =+G70*F70 -> #REF!
C71: VALOR TOTAL DE UN POZO | H71: =SUM(H66:H70) -> #REF!
C72: TOTAL COSTOS DIRECTOS | H72: =+H71+H63 -> #REF!
C75: FICHA TÉCNICA PARA REALIZAR LA REHABILITACIÓN DE SISTEMAS DE ABASTECIMIENTO DE AGUA
C77: Comunidad: | D77: 3 - JAWAPIA
C78: Municipio: | D78: Manaure
C79: Ubicación: | D79: Area rural del municipio de Manaure
C80: Estado: | D80: Fuera de servicio
C81: Captación de agua: | D81: Pozo Subterráneo
C82: Diámetro: | D82: 6''
C84: 1. MATERIALES
C85: CODIGO | D85: DESCRIPCIÓN | E85: UNIDAD | F85: CANTIDAD | G85: VALOR UNITARIO | H85: VALOR TOTAL
C86: =+#REF! -> #REF! | D86: =+#REF! -> #REF! | E86: =+#REF! -> #REF! | F86: =+#REF! -> #REF! | G86: =+#REF! -> #REF! | H86: =G86*F86 -> #REF!
C87: =+#REF! -> #REF! | D87: =+#REF! -> #REF! | E87: =+#REF! -> #REF! | F87: =+#REF! -> #REF! | G87: =+#REF! -> #REF! | H87: =G87*F87 -> #REF!
C88: =+#REF! -> #REF! | D88: =+#REF! -> #REF! | E88: =+#REF! -> #REF! | F88: =+#REF! -> #REF! | G88: =+#REF! -> #REF! | H88: =G88*F88 -> #REF!
C89: =+#REF! -> #REF! | D89: =+#REF! -> #REF! | E89: =+#REF! -> #REF! | F89: =+#REF! -> #REF! | G89: =+#REF! -> #REF! | H89: =G89*F89 -> #REF!
C90: =+#REF! -> #REF! | D90: =+#REF! -> #REF! | E90: =+#REF! -> #REF! | F90: =+#REF! -> #REF! | G90: =+#REF! -> #REF! | H90: =G90*F90 -> #REF!
C91: =+#REF! -> #REF! | D91: =+#REF! -> #REF! | E91: =+#REF! -> #REF! | F91: =+#REF! -> #REF! | G91: =+#REF! -> #REF! | H91: =G91*F91 -> #REF!
C92: =+#REF! -> #REF! | D92: =+#REF! -> #REF! | E92: =+#REF! -> #REF! | F92: =+#REF! -> #REF! | G92: =+#REF! -> #REF! | H92: =G92*F92 -> #REF!
C93: =+#REF! -> #REF! | D93: =+#REF! -> #REF! | E93: =+#REF! -> #REF! | F93: =+#REF! -> #REF! | G93: =+#REF! -> #REF! | H93: =G93*F93 -> #REF!
C94: =+#REF! -> #REF! | D94: =+#REF! -> #REF! | E94: =+#REF! -> #REF! | F94: =+#REF! -> #REF! | G94: =+#REF! -> #REF! | H94: =G94*F94 -> #REF!
C95: =+#REF! -> #REF! | D95: =+#REF! -> #REF! | E95: =+#REF! -> #REF! | F95: =+#REF! -> #REF! | G95: =+#REF! -> #REF! | H95: =G95*F95 -> #REF!
C96: =+#REF! -> #REF! | D96: =+#REF! -> #REF! | E96: =+#REF! -> #REF! | F96: =+#REF! -> #REF! | G96: =+#REF! -> #REF! | H96: =G96*F96 -> #REF!
C97: =+#REF! -> #REF! | D97: =+#REF! -> #REF! | E97: =+#REF! -> #REF! | F97: =+#REF! -> #REF! | G97: =+#REF! -> #REF! | H97: =G97*F97 -> #REF!
... C106: =+#REF! -> #REF! | D106: =+#REF! -> #REF! | E106: =+#REF! -> #REF! | F106: =+#REF! -> #REF! | G106: =+#REF! -> #REF! | H106: =G106*F106 -> #REF!
F107: SUBTOTAL | H107: =SUM(H86:H106) -> #REF!
C108: PRESUPUESTO OFICIAL LIMPIEZA DE POZOS
C109: ITEM | D109: DESCRIPCION | E109: UNIDAD | F109: CANTIDAD | G109: VALOR UNITARIO | H109: VR. TOTAL
C110: =+#REF! -> #REF! | D110: =+#REF! -> #REF! | E110: =+#REF! -> #REF! | F110: 1 | G110: =+#REF! -> #REF! | H110: 3184838.6
C111: =+#REF! -> #REF! | D111: =+#REF! -> #REF! | E111: =+#REF! -> #REF! | F111: 1 | G111: =+#REF! -> #REF! | H111: 3312236.8
C112: =+#REF! -> #REF! | D112: =+#REF! -> #REF! | E112: =+#REF! -> #REF! | F112: 1 | G112: =+#REF! -> #REF! | H112: 3313797.9
C113: =+#REF! -> #REF! | D113: =+#REF! -> #REF! | E113: =+#REF! -> #REF! | F113: 1 | G113: =+#REF! -> #REF! | H113: 2031088.1
C114: =+#REF! -> #REF! | D114: =+#REF! -> #REF! | E114: =+#REF! -> #REF! | F114: 1 | G114: =+#REF! -> #REF! | H114: 1797925.5
C115: 1 | H115: =SUM(H110:H114) -> 13639887
C116: TOTAL COSTOS DIRECTOS | H116: =+H115+H107 -> #REF!
C119: FICHA TÉCNICA PARA REALIZAR LA REHABILITACIÓN DE SISTEMAS DE ABASTECIMIENTO DE AGUA
C121: Comunidad: | D121: 4 - SABANALARGA
C122: Municipio: | D122: Manaure
C123: Ubicación: | D123: Area rural del municipio de Manaure
C124: Estado: | D124: Fuera de servicio
C125: Captación de agua: | D125: Pozo Subterráneo
C126: Diámetro: | D126: 6''
C128: 1. MATERIALES
C129: CODIGO | D129: DESCRIPCIÓN | E129: UNIDAD | F129: CANTIDAD | G129: VALOR UNITARIO | H129: VALOR TOTAL
C130: =+#REF! -> #REF! | D130: =+#REF! -> #REF! | E130: =+#REF! -> #REF! | F130: =+#REF! -> #REF! | G130: =+#REF! -> #REF! | H130: =G130*F130 -> #REF!
C131: =+#REF! -> #REF! | D131: =+#REF! -> #REF! | E131: =+#REF! -> #REF! | F131: =+#REF! -> #REF! | G131: =+#REF! -> #REF! | H131: =G131*F131 -> #REF!
C132: =+#REF! -> #REF! | D132: =+#REF! -> #REF! | E132: =+#REF! -> #REF! | F132: =+#REF! -> #REF! | G132: =+#REF! -> #REF! | H132: =G132*F132 -> #REF!
...

Sheet JPM
C3: FICHA TÉCNICA PARA REALIZAR LA REHABILITACIÓN DE SISTEMAS DE ABASTECIMIENTO DE AGUA
C5: Comunidad: | D5: 1 - KAPICHIRAURE
C6: Municipio: | D6: Manaure
C7: Ubicación: | D7: Area rural del municipio de Manaure
C8: Estado: | D8: Fuera de servicio
C9: Captación de agua: | D9: Pozo Subterráneo
C10: Diámetro: | D10: 6''
C12: 1. MATERIALES
C13: CODIGO | D13: DESCRIPCIÓN | E13: UNIDAD | F13: CANTIDAD | G13: VR. UNIT. | H13: VR. PARCIAL
C14: =+#REF! -> #REF! | D14: =+#REF! -> #REF! | E14: =+#REF! -> #REF! | F14: =+#REF! -> #REF! | G14: =+#REF! -> #REF! | H14: =+G14*F14 -> #REF!
C15: =+#REF! -> #REF! | D15: =+#REF! -> #REF! | E15: =+#REF! -> #REF! | F15: =+#REF! -> #REF! | G15: =+#REF! -> #REF! | H15: =+G15*F15 -> #REF!
C16: =+#REF! -> #REF! | D16: =+#REF! -> #REF! | E16: =+#REF! -> #REF! | F16: =+#REF! -> #REF! | G16: =+#REF! -> #REF! | H16: =+G16*F16 -> #REF!
C17: =+#REF! -> #REF! | D17: =+#REF! -> #REF! | E17: =+#REF! -> #REF! | F17: =+#REF! -> #REF! | G17: =+#REF! -> #REF! | H17: =+G17*F17 -> #REF!
C18: =+#REF! -> #REF! | D18: =+#REF! -> #REF! | E18: =+#REF! -> #REF! | F18: =+#REF! -> #REF! | G18: =+#REF! -> #REF! | H18: =+G18*F18 -> #REF!
C19: =+#REF! -> #REF! | D19: =+#REF! -> #REF! | E19: =+#REF! -> #REF! | F19: =+#REF! -> #REF! | G19: =+#REF! -> #REF! | H19: =+G19*F19 -> #REF!
C20: =+#REF! -> #REF! | D20: =+#REF! -> #REF! | E20: =+#REF! -> #REF! | F20: =+#REF! -> #REF! | G20: =+#REF! -> #REF! | H20: =+G20*F20 -> #REF!
C21: =+#REF! -> #REF! | D21: =+#REF! -> #REF! | E21: =+#REF! -> #REF! | F21: =+#REF! -> #REF! | G21: =+#REF! -> #REF! | H21: =+G21*F21 -> #REF!
C22: =+#REF! -> #REF! | D22: =+#REF! -> #REF! | E22: =+#REF! -> #REF! | F22: =+#REF! -> #REF! | G22: =+#REF! -> #REF! | H22: =+G22*F22 -> #REF!
C23: =+#REF! -> #REF! | D23: =+#REF! -> #REF! | E23: =+#REF! -> #REF! | F23: =+#REF! -> #REF! | G23: =+#REF! -> #REF! | H23: =+G23*F23 -> #REF!
C24: =+#REF! -> #REF! | D24: =+#REF! -> #REF! | E24: =+#REF! -> #REF! | F24: =+#REF! -> #REF! | G24: =+#REF! -> #REF! | H24: =+G24*F24 -> #REF!
C25: =+#REF! -> #REF! | D25: =+#REF! -> #REF! | E25: =+#REF! -> #REF! | F25: =+#REF! -> #REF! | G25: =+#REF! -> #REF! | H25: =+G25*F25 -> #REF!
... C34: =+#REF! -> #REF! | D34: =+#REF! -> #REF! | E34: =+#REF! -> #REF! | F34: =+#REF! -> #REF! | G34: =+#REF! -> #REF! | H34: =+G34*F34 -> #REF!
F35: SUBTOTAL | H35: =SUM(H14:H34) -> #REF!
C36: PRESUPUESTO OFICIAL LIMPIEZA DE POZOS
C37: ITEM | D37: DESCRIPCION | E37: UNIDAD | F37: CANTIDAD | G37: VR. UNIT. | H37: VR. TOTAL
C38: =+#REF! -> #REF! | D38: =+#REF! -> #REF! | E38: =+#REF! -> #REF! | F38: 1 | G38: =+#REF! -> #REF! | H38: =+G38*F38 -> #REF!
C39: =+#REF! -> #REF! | D39: =+#REF! -> #REF! | E39: =+#REF! -> #REF! | F39: 1 | G39: =+#REF! -> #REF! | H39: =+G39*F39 -> #REF!
C40: =+#REF! -> #REF! | D40: =+#REF! -> #REF! | E40: =+#REF! -> #REF! | F40: 1 | G40: =+#REF! -> #REF! | H40: =+G40*F40 -> #REF!
C41: =+#REF! -> #REF! | D41: =+#REF! -> #REF! | E41: =+#REF! -> #REF! | F41: 1 | G41: =+#REF! -> #REF! | H41: =+G41*F41 -> #REF!
C42: =+#REF! -> #REF! | D42: =+#REF! -> #REF! | E42: =+#REF! -> #REF! | F42: 1 | G42: =+#REF! -> #REF! | H42: =+G42*F42 -> #REF!
C43: VALOR TOTAL DE UN POZO | H43: =SUM(H38:H42) -> #REF!
C44: TOTAL COSTOS DIRECTOS | H44: =+H43+H35 -> #REF!
C47: FICHA TÉCNICA PARA REALIZAR LA REHABILITACIÓN DE SISTEMAS DE ABASTECIMIENTO DE AGUA
C49: Comunidad: | D49: 2 - PECTUNAI
C50: Municipio: | D50: Manaure
C51: Ubicación: | D51: Area rural del municipio de Manaure
C52: Estado: | D52: Fuera de servicio
C53: Captación de agua: | D53: Pozo Subterráneo
C54: Diámetro: | D54: 6''
C56: 1. MATERIALES
C57: CODIGO | D57: DESCRIPCIÓN | E57: UNIDAD | F57: CANTIDAD | G57: VR. UNIT. | H57: VR. PARCIAL
C58: =+#REF! -> #REF! | D58: =+#REF! -> #REF! | E58: =+#REF! -> #REF! | F58: =+#REF! -> #REF! | G58: =+#REF! -> #REF! | H58: =G58*F58 -> #REF!
C59: =+#REF! -> #REF! | D59: =+#REF! -> #REF! | E59: =+#REF! -> #REF! | F59: =+#REF! -> #REF! | G59: =+#REF! -> #REF! | H59: =G59*F59 -> #REF!
C60: =+#REF! -> #REF! | D60: =+#REF! -> #REF! | E60: =+#REF! -> #REF! | F60: =+#REF! -> #REF! | G60: =+#REF! -> #REF! | H60: =G60*F60 -> #REF!
C61: =+#REF! -> #REF! | D61: =+#REF! -> #REF! | E61: =+#REF! -> #REF! | F61: =+#REF! -> #REF! | G61: =+#REF! -> #REF! | H61: =G61*F61 -> #REF!
C62: =+#REF! -> #REF! | D62: =+#REF! -> #REF! | E62: =+#REF! -> #REF! | F62: =+#REF! -> #REF! | G62: =+#REF! -> #REF! | H62: =G62*F62 -> #REF!
F63: SUBTOTAL | H63: =SUM(H58:H62) -> #REF!
C64: PRESUPUESTO OFICIAL LIMPIEZA DE POZOS
C65: ITEM | D65: DESCRIPCION | E65: UNIDAD | F65: CANTIDAD | G65: VR. UNIT. | H65: VR. TOTAL
C66: =+C38 -> #REF! | D66: =+D38 -> #REF! | E66: =+E38 -> #REF! | F66: =+F38 -> 1 | G66: =+G38 -> #REF! | H66: =+G66*F66 -> #REF!
C67: =+C39 -> #REF! | D67: =+D39 -> #REF! | E67: =+E39 -> #REF! | F67: =+F39 -> 1 | G67: =+G39 -> #REF! | H67: =+G67*F67 -> #REF!
C68: =+C40 -> #REF! | D68: =+D40 -> #REF! | E68: =+E40 -> #REF! | F68: =+F40 -> 1 | G68: =+G40 -> #REF! | H68: =+G68*F68 -> #REF!
C69: =+C41 -> #REF! | D69: =+D41 -> #REF! | E69: =+E41 -> #REF! | F69: =+F41 -> 1 | G69: =+G41 -> #REF! | H69: =+G69*F69 -> #REF!
C70: =+C42 -> #REF! | D70: =+D42 -> #REF! | E70: =+E42 -> #REF! | F70: =+F42 -> 1 | G70: =+G42 -> #REF! | H70: =+G70*F70 -> #REF!
C71: VALOR TOTAL DE UN POZO | H71: =SUM(H66:H70) -> #REF!
C72: TOTAL COSTOS DIRECTOS | H72: =+H71+H63 -> #REF!
C75: FICHA TÉCNICA PARA REALIZAR LA REHABILITACIÓN DE SISTEMAS DE ABASTECIMIENTO DE AGUA
C77: Comunidad: | D77: 3 - JAWAPIA
C78: Municipio: | D78: Manaure
C79: Ubicación: | D79: Area rural del municipio de Manaure
C80: Estado: | D80: Fuera de servicio
C81: Captación de agua: | D81: Pozo Subterráneo
C82: Diámetro: | D82: 6''
C84: 1. MATERIALES
C85: CODIGO | D85: DESCRIPCIÓN | E85: UNIDAD | F85: CANTIDAD | G85: VR. UNIT. | H85: VR. PARCIAL
C86: =+#REF! -> #REF! | D86: =+#REF! -> #REF! | E86: =+#REF! -> #REF! | F86: =+#REF! -> #REF! | G86: =+#REF! -> #REF! | H86: =G86*F86 -> #REF!
C87: =+#REF! -> #REF! | D87: =+#REF! -> #REF! | E87: =+#REF! -> #REF! | F87: =+#REF! -> #REF! | G87: =+#REF! -> #REF! | H87: =G87*F87 -> #REF!
C88: =+#REF! -> #REF! | D88: =+#REF! -> #REF! | E88: =+#REF! -> #REF! | F88: =+#REF! -> #REF! | G88: =+#REF! -> #REF! | H88: =G88*F88 -> #REF!
C89: =+#REF! -> #REF! | D89: =+#REF! -> #REF! | E89: =+#REF! -> #REF! | F89: =+#REF! -> #REF! | G89: =+#REF! -> #REF! | H89: =G89*F89 -> #REF!
C90: =+#REF! -> #REF! | D90: =+#REF! -> #REF! | E90: =+#REF! -> #REF! | F90: =+#REF! -> #REF! | G90: =+#REF! -> #REF! | H90: =G90*F90 -> #REF!
C91: =+#REF! -> #REF! | D91: =+#REF! -> #REF! | E91: =+#REF! -> #REF! | F91: =+#REF! -> #REF! | G91: =+#REF! -> #REF! | H91: =G91*F91 -> #REF!
C92: =+#REF! -> #REF! | D92: =+#REF! -> #REF! | E92: =+#REF! -> #REF! | F92: =+#REF! -> #REF! | G92: =+#REF! -> #REF! | H92: =G92*F92 -> #REF!
C93: =+#REF! -> #REF! | D93: =+#REF! -> #REF! | E93: =+#REF! -> #REF! | F93: =+#REF! -> #REF! | G93: =+#REF! -> #REF! | H93: =G93*F93 -> #REF!
C94: =+#REF! -> #REF! | D94: =+#REF! -> #REF! | E94: =+#REF! -> #REF! | F94: =+#REF! -> #REF! | G94: =+#REF! -> #REF! | H94: =G94*F94 -> #REF!
C95: =+#REF! -> #REF! | D95: =+#REF! -> #REF! | E95: =+#REF! -> #REF! | F95: =+#REF! -> #REF! | G95: =+#REF! -> #REF! | H95: =G95*F95 -> #REF!
C96: =+#REF! -> #REF! | D96: =+#REF! -> #REF! | E96: =+#REF! -> #REF! | F96: =+#REF! -> #REF! | G96: =+#REF! -> #REF! | H96: =G96*F96 -> #REF!
C97: =+#REF! -> #REF! | D97: =+#REF! -> #REF! | E97: =+#REF! -> #REF! | F97: =+#REF! -> #REF! | G97: =+#REF! -> #REF! | H97: =G97*F97 -> #REF!
... C106: =+#REF! -> #REF! | D106: =+#REF! -> #REF! | E106: =+#REF! -> #REF! | F106: =+#REF! -> #REF! | G106: =+#REF! -> #REF! | H106: =G106*F106 -> #REF!
F107: SUBTOTAL | H107: =SUM(H86:H106) -> #REF!
C108: PRESUPUESTO OFICIAL LIMPIEZA DE POZOS
C109: ITEM | D109: DESCRIPCION | E109: UNIDAD | F109: CANTIDAD | G109: VR. UNIT. | H109: VR. TOTAL
C110: =+#REF! -> #REF! | D110: =+#REF! -> #REF! | E110: =+#REF! -> #REF! | F110: 1 | G110: =+#REF! -> #REF! | H110: 3184838.6
C111: =+#REF! -> #REF! | D111: =+#REF! -> #REF! | E111: =+#REF! -> #REF! | F111: 1 | G111: =+#REF! -> #REF! | H111: 3312236.8
C112: =+#REF! -> #REF! | D112: =+#REF! -> #REF! | E112: =+#REF! -> #REF! | F112: 1 | G112: =+#REF! -> #REF! | H112: 3313797.9
C113: =+#REF! -> #REF! | D113: =+#REF! -> #REF! | E113: =+#REF! -> #REF! | F113: 1 | G113: =+#REF! -> #REF! | H113: 2031088.1
C114: =+#REF! -> #REF! | D114: =+#REF! -> #REF! | E114: =+#REF! -> #REF! | F114: 1 | G114: =+#REF! -> #REF! | H114: 1797925.5
C115: 1 | H115: =SUM(H110:H114) -> 13639887
C116: TOTAL COSTOS DIRECTOS | H116: =+H115+H107 -> #REF!
C119: FICHA TÉCNICA PARA REALIZAR LA REHABILITACIÓN DE SISTEMAS DE ABASTECIMIENTO DE AGUA
C121: Comunidad: | D121: 4 - SABANALARGA
C122: Municipio: | D122: Manaure
C123: Ubicación: | D123: Area rural del municipio de Manaure
C124: Estado: | D124: Fuera de servicio
C125: Captación de agua: | D125: Pozo Subterráneo
C126: Diámetro: | D126: 6''
C128: 1. MATERIALES
C129: CODIGO | D129: DESCRIPCIÓN | E129: UNIDAD | F129: CANTIDAD | G129: VR. UNIT. | H129: VR. PARCIAL
C130: =+#REF! -> #REF! | D130: =+#REF! -> #REF! | E130: =+#REF! -> #REF! | F130: =+#REF! -> #REF! | G130: =+#REF! -> #REF! | H130: =G130*F130 -> #REF!
C131: =+#REF! -> #REF! | D131: =+#REF! -> #REF! | E131: =+#REF! -> #REF! | F131: =+#REF! -> #REF! | G131: =+#REF! -> #REF! | H131: =G131*F131 -> #REF!
C132: =+#REF! -> #REF! | D132: =+#REF! -> #REF! | E132: =+#REF! -> #REF! | F132: =+#REF! -> #REF! | G132: =+#REF! -> #REF! | H132: =G132*F132 -> #REF!
...

Sheet Hoja3

Sheet Hoja7

Sheet PRESUPUESTO
C3: ADECUACIÓN DE INFRAESTRUCTURAS DE EXTRACCIÓN DE AGUA SUBTERRÁNEA EN COMUNIDADES INDÍGENAS UBICADAS EN LOS MUNICIPIOS DE RIOHACHA, URIBIA, MANAURE Y ALBANIA, LA GUAJIRA.
B5: ITEM | C5: CONCEPTO | D5: UNIDAD | E5: CANTIDAD | F5: VR. UNIT. | G5: VR. PARCIAL
B6: 1 | C6: Realizar jornadas de socialización inicial del proyecto.
B7: 1.1 | C7: Realizar jornadas de socialización inicial del proyecto | D7: UND | E7: 4 | F7: ='ACT 1-'!H36 -> 1263000 | G7: =+F7*E7 -> 5052000 | J7: =G7+(G7*0.3)+(G7*0.05*0.19) -> 6615594
B8: 2 | C8: Rehabilitar molinos de viento (Aerobombas).
B9: 2.1 | C9: Rehabilitar el molino de viento de la comunidad indígena de Zongo | D9: UND | E9: 1 | F9: ='ACT 2 def'!H60 -> 13537712 | G9: =+F9*E9 -> 13537712
B10: 2.2 | C10: Rehabilitar el molino de viento de la comunidad indígena de Buena Vista | D10: UND | E10: 1 | F10: ='ACT 2 def'!H126 -> 13097010 | G10: =+F10*E10 -> 13097010
B11: 2.3 | C11: Rehabilitar el molino de viento de la comunidad indígena de Hicham | D11: UND | E11: 1 | F11: ='ACT 2 def'!H192 -> 13091319 | G11: =+F11*E11 -> 13091319
B12: 2.4 | C12: Rehabilitar el molino de viento de la comunidad indígena de Wottoin | D12: UND | E12: 1 | F12: ='ACT 2 def'!H258 -> 12904860 | G12: =+F12*E12 -> 12904860
B13: SUBTOTAL DE REAHABILITACION DE MOLINOS | G13: =SUM(G9:G12) -> 52630901 | J13: =G13+(G13*0.3)+(G13*0.05*0.19) -> 68920165
B15: 3 | C15: Realizar publicación y difusión de información
B16: 3.1 | C16: Realizar publicación y difusión de información | D16: Unidad | E16: 1 | F16: ='ACT 3'!H41 -> 5155000 | G16: =+F16*E16 -> 5155000 | J16: =G16+(G16*0.3)+(G16*0.05*0.19) -> 6750472.5
B17: 4 | C17: Realizar talleres de sensibilización y concienciación ambiental
B18: 4.1 | C18: Realizar talleres de sensibilización y concienciación ambiental | D18: Unidad | E18: 4 | F18: ='ACT 4'!H37 -> 1480850.5 | G18: =E18*F18 -> 5923402 | J18: =G18+(G18*0.3)+(G18*0.05*0.19) -> 7756694.9
C20: TOTAL COSTOS DIRECTOS | G20: =+G13+G18+G16+G7 -> 68761303
C21: ADMINISTRACION | E21: 0.24 | G21: =+G20*E21 -> 16502713
C22: IMPREVISTOS | E22: 0.01 | G22: =+G20*E22 -> 687613.03
C23: UTILIDAD | E23: 0.05 | G23: =+G20*E23 -> 3438065.2
C24: IVA SOBRE UTILIDAD | E24: 0.19 | G24: =G23*E24 -> 653232.38
C25: TOTAL COSTOS INDIRECTOS (AIU) | E25: 0.3 | G25: =SUBTOTAL(9,G21:G24) -> 21281623
C26: TOTAL PROYECTO | G26: =G25+G20 -> 90042926 | J26: =SUM(J7:J25) -> 90042926
C30: ____________________________________________
C31: Ing. Julio Curvelo Redondo
C32: Coordinador Grupo Administración Integral del Recurso Hídrico

Sheet ACT 1-
B3: REPUBLICA DE COLOMBIA
E4: ANÁLISIS DE PRECIOS UNITARIOS
B7: OBRA: | G7: ESPECIFICACIÓN:
B8: ITEM: | G8: UNIDAD : | H8: UND
B9: =PRESUPUESTO!C7 -> Realizar jornadas de socialización inicial del proyecto
B10: I. EQUIPO | J10: MOC | K10: =H27+(H27*0.3)+(H27*0.05*0.19) -> 979506 | L10: =K10*4 -> 3918024
B11: Descripción | D11: Unidad | E11: Tarifa/Hr | F11: Rendimiento | G11: Valor-Total | J11: MAT | K11: =H20+(H20*0.3)+(H20*0.05*0.19) -> 150592.5 | L11: =K11*4 -> 602370
J12: TRANS | K12: =H34+(H34*0.3)+(H34*0.05*0.19) -> 523800 | L12: =K12*4 -> 2095200
L13: =SUM(L10:L12) -> 6615594
H14: =SUM(G12:G14) -> 0
G15: Sub-Total
B16: II. MATERIALES
B17: Descripción | D17: Unidad | E17: Precio-Unit. | F17: Cantidad | G17: Valor-Unit.
B18: PAPELERIA | D18: Unidad | E18: 30000 | F18: 1 | G18: =+F18*E18 -> 30000
B19: LOGISTICA | D19: Jornada | E19: 85000 | F19: 1 | G19: =+F19*E19 -> 85000
H20: =SUM(G18:G20) -> 115000
G21: Sub-Total
B22: III. MANO DE OBRA
B23: Trabajador | C23: Unidad | D23: Cantidad | E23: V. Unitario. | F23: Rendimiento/dia | G23: Valor-Unit.
B24: Auxiliar de Apoyo | C24: HONORARIO | D24: 1 | E24: 1800000 | F24: 0.05 | G24: =+D24*E24*F24 -> 90000
B25: Ing Ambiental | C25: HONORARIO | D25: 1 | E25: 4550000 | F25: 0.06 | G25: =+D25*E25*F25 -> 273000
B26: Trabajor Social | C26: HONORARIO | D26: 1 | E26: 5500000 | F26: 0.07 | G26: =+D26*E26*F26 -> 385000
H27: =SUM(G24:G27) -> 748000
G28: Sub-Total
B30: IV. TRANSPORTE
B31: Vehiculo | C31: Viaje | D31: Cantidad | E31: V. Unitario. | F31: Rendimiento/dia | G31: Valor-Unit.
B33: CAMIONETA 4X4 | C33: FLETE | D33: 1 | E33: 400000 | F33: 1 | G33: =+E33*F33 -> 400000
H34: =SUM(G32:G34) -> 400000
G35: Sub-Total
H36: =H14+H20+H27+H34 -> 1263000
D37: Precio unitario total aproximado al peso
E40: ____________________________________________
E41: Ing. Julio Curvelo Redondo
E42: Coordinador Grupo Administración Integral del Recurso Hídrico

Sheet ACT 2 def
B2: REPUBLICA DE COLOMBIA
E3: ANÁLISIS DE PRECIOS UNITARIOS
B6: OBRA: | G6: ESPECIFICACIÓN: | K6: MOC | L6: =H52+H118+H184+H250 -> 8755200 | M6: =L6+(L6*0.3)+(L6*0.05*0.19) -> 11464934
B7: ITEM: | G7: UNIDAD : | H7: UND | K7: MAT | L7: =H47+H113+H179+H245 -> 40072901 | M7: =L7+(L7*0.3)+(L7*0.05*0.19) -> 52475464
B8: =PRESUPUESTO!C9 -> Rehabilitar el molino de viento de la comunidad indígena de Zongo | K8: EQUI | L8: =H12*4 -> 602800 | M8: =L8+(L8*0.3)+(L8*0.05*0.19) -> 789366.6
B9: I. EQUIPO | K9: TRANS | L9: =H58*4 -> 3200000 | M9: =L9+(L9*0.3)+(L9*0.05*0.19) -> 4190400
B10: Descripción | D10: TIPO | E10: GLOBAL | F10: CANTIDAD | G10: VR. UNIT.
B11: Llaves de mano, llaves de tubo, porras y cinceles, llaves expansivas, brochas, espátulas, cepillos de acero, lijas, alicates y destornilladores, hombre solo, manilas, seguetas, serruchos, puntillas, Martillo, soga y tuercas. | D11: Herramienta Menores | E11: 1 | F11: 1 | G11: 150700 | L11: =SUM(L6:L10) -> 52630901 | M11: =SUM(M6:M10) -> 68920165
H12: =SUM(G11:G12) -> 150700
G13: Sub-Total
B14: II. MATERIALES
B15: Descripción | D15: Unidad | E15: Precio-Unit. | F15: Cantidad | G15: Valor-Parcial
B16: Chumacera o cojinete, buje o tabiquera larga del cubo/estrella No 730 | D16: Unidad | E16: 725130 | F16: 1 | G16: =E16*F16 -> 725130
B17: Chumacera o cojinete, buje central o de piñones pequeños. | D17: Unidad | E17: 505050 | F17: 1 | G17: =E17*F17 -> 505050
B18: Chumacera o cojinete, buje central o de piñones grandes. | D18: Unidad | E18: 551250 | F18: 1 | G18: =E18*F18 -> 551250
B19: buje insertado de la biela reconstruido | D19: Unidad | E19: 194145 | F19: 2 | G19: =E19*F19 -> 388290
B20: Varilla Z -Varilla de activar freno del molino | D20: Unidad | E20: 111500 | F20: 1 | G20: =E20*F20 -> 111500
B21: Eje Rueda guía - Eje pasador de la rueda guia de la Biela, conecta yugo, varilla y Bielas Eje de carro guía. | D21: Unidad | E21: 157500 | F21: 1 | G21: =E21*F21 -> 157500
B22: Pasador de cola - Pivote de cola o Tornillo Bisagra de cola | D22: Unidad | E22: 350700 | F22: 1 | G22: =E22*F22 -> 350700
B23: Resorte de veleta | D23: Unidad | E23: 252000 | F23: 1 | G23: =E23*F23 -> 252000
B24: Flanche Pintado (Anti+Pintura)+Te Galvanizada 2" (Soldada) | D24: Unidad | E24: 246750 | F24: 1 | G24: =E24*F24 -> 246750
B25: Palanca de freno + Guaya para frenar. (Gauya de Acero ) | D25: Unidad | E25: 220500 | F25: 1 | G25: =E25*F25 -> 220500
B26: Aceitera y resorte de la misma | D26: Unidad | E26: 86961 | F26: 0 | G26: =E26*F26 -> 0
B27: Accesorios | D27: Unidad | E27: 86961 | F27: 1 | G27: =E27*F27 -> 86961
... B44: Grasa copa 1/4 de libra | D44: Libra | E44: 44100 | F44: 1 | G44: =E44*F44 -> 44100
H47: =SUM(G16:G47) -> 10398212
G48: Sub-Total
B49: III. MANO DE OBRA
B50: CATEGORÍA | C50: JORNAL | D50: PRESTACIONES | E50: TOTAL JORNAL | F50: CANTIDAD JORNALES | G50: Valor-Unit.
B51: Cuadrilla móvil tipo I. | C51: 216000 | D51: 148800 | E51: =C51+D51 -> 364800 | F51: 6 | G51: =E51*F51 -> 2188800
H52: =SUM(G51:G52) -> 2188800
G53: Sub-Total
B55: IV. TRANSPORTE
B56: CONCEPTO | C56: TIPO | D56: UNIDAD | E56: CANTIDAD | F56: VR. UNIT. | G56: VR. PARCIAL
B57: Flete | C57: Camioneta 4x4 | D57: Unid/dia | E57: 2 | F57: 400000 | G57: =+E57*F57 -> 800000
H58: =SUM(G57:G58) -> 800000
G59: Sub-Total
H60: =H12+H47+H52+H58 -> 13537712
D61: Precio unitario total aproximado al peso
E64: ____________________________________________
E65: Ing. Julio Curvelo Redondo
E66: Coordinador Grupo Administración Integral del Recurso Hídrico
B68: REPUBLICA DE COLOMBIA
E69: ANÁLISIS DE PRECIOS UNITARIOS
B72: OBRA: | G72: ESPECIFICACIÓN:
B73: ITEM: | G73: UNIDAD : | H73: UND
B74: =PRESUPUESTO!C10 -> Rehabilitar el molino de viento de la comunidad indígena de Buena Vista
B75: I. EQUIPO
B76: Descripción | D76: TIPO | E76: GLOBAL | F76: CANTIDAD | G76: VR. UNIT.
B77: Llaves de mano, llaves de tubo, porras y cinceles, llaves expansivas, brochas, espátulas, cepillos de acero, lijas, alicates y destornilladores, hombre solo, manilas, seguetas, serruchos, puntillas, Martillo, soga y tuercas. | D77: Herramienta Menores | E77: 1 | F77: 1 | G77: 150700
H78: =SUM(G77:G78) -> 150700
G79: Sub-Total
B80: II. MATERIALES
B81: Descripción | D81: Unidad | E81: Precio-Unit. | F81: Cantidad | G81: Valor-Parcial
B82: Chumacera o cojinete, buje o tabiquera larga del cubo/estrella No 730 | D82: Unidad | E82: 725130 | F82: 1 | G82: =F82*E82 -> 725130
B83: Chumacera o cojinete, buje central o de piñones pequeños. | D83: Unidad | E83: 505050 | F83: 1 | G83: =F83*E83 -> 505050
B84: Chumacera o cojinete, buje central o de piñones grandes. | D84: Unidad | E84: 551250 | F84: 1 | G84: =F84*E84 -> 551250
B85: buje insertado de la biela reconstruido | D85: Unidad | E85: 194145 | F85: 2 | G85: =F85*E85 -> 388290
B86: Varilla Z -Varilla de activar freno del molino | D86: Unidad | E86: 111500 | F86: 1 | G86: =F86*E86 -> 111500
B87: Eje Rueda guía - Eje pasador de la rueda guia de la Biela, conecta yugo, varilla y Bielas Eje de carro guía. | D87: Unidad | E87: 157500 | F87: 1 | G87: =F87*E87 -> 157500
B88: Pasador de cola - Pivote de cola o Tornillo Bisagra de cola | D88: Unidad | E88: 350700 | F88: 1 | G88: =F88*E88 -> 350700
B89: Resorte de veleta | D89: Unidad | E89: 252000 | F89: 1 | G89: =F89*E89 -> 252000
B90: Flanche Pintado (Anti+Pintura)+Te Galvanizada 2" (Soldada) | D90: Unidad | E90: 246750 | F90: 1 | G90: =F90*E90 -> 246750
B91: Palanca de freno + Guaya para frenar. (Gauya de Acero ) | D91: Unidad | E91: 220500 | F91: 1 | G91: =F91*E91 -> 220500
B92: Aceitera y resorte de la misma | D92: Unidad | E92: 278002 | F92: 1 | G92: =F92*E92 -> 278002
B93: Accesorios | D93: Unidad | E93: 86961 | F93: 1 | G93: =F93*E93 -> 86961
... B110: Grasa copa 1/4 de libra | D110: Libra | E110: 44100 | F110: 1 | G110: =F110*E110 -> 44100
H113: =SUM(G82:G113) -> 9957510
G114: Sub-Total
B115: III. MANO DE OBRA
B116: CATEGORÍA | C116: JORNAL | D116: PRESTACIONES | E116: TOTAL JORNAL | F116: CANTIDAD JORNALES | G116: Valor-Unit.
B117: Cuadrilla móvil tipo I. | C117: 216000 | D117: 148800 | E117: =C117+D117 -> 364800 | F117: 6 | G117: =E117*F117 -> 2188800
H118: =SUM(G117:G118) -> 2188800
G119: Sub-Total
B121: IV. TRANSPORTE
B122: CONCEPTO | C122: TIPO | D122: UNIDAD | E122: CANTIDAD | F122: VR. UNIT. | G122: VR. PARCIAL
B123: Flete | C123: Camioneta 4x4 | D123: Unid/dia | E123: 2 | F123: 400000 | G123: =+E123*F123 -> 800000
H124: =SUM(G123:G124) -> 800000
G125: Sub-Total
H126: =H78+H113+H118+H124 -> 13097010
D127: Precio unitario total aproximado al peso
E130: ____________________________________________
E131: Ing. Julio Curvelo Redondo
E132: Coordinador Grupo Administración Integral del Recurso Hídrico
B134: REPUBLICA DE COLOMBIA
E135: ANÁLISIS DE PRECIOS UNITARIOS
B138: OBRA: | G138: ESPECIFICACIÓN:
B139: ITEM: | G139: UNIDAD : | H139: UND
B140: =PRESUPUESTO!C11 -> Rehabilitar el molino de viento de la comunidad indígena de Hicham
B141: I. EQUIPO
B142: Descripción | D142: TIPO | E142: GLOBAL | F142: CANTIDAD | G142: VR. UNIT.
B143: Llaves de mano, llaves de tubo, porras y cinceles, llaves expansivas, brochas, espátulas, cepillos de acero, lijas, alicates y destornilladores, hombre solo, manilas, seguetas, serruchos, puntillas, Martillo, soga y tuercas. | D143: Herramienta Menores | E143: 1 | F143: 1 | G143: 150700
H144: =SUM(G143:G144) -> 150700
G145: Sub-Total
B146: II. MATERIALES
B147: Descripción | D147: Unidad | E147: Precio-Unit. | F147: Cantidad | G147: Valor-Parcial
B148: Chumacera o cojinete, buje o tabiquera larga del cubo/estrella No 730 | D148: Unidad | E148: 725130 | F148: 1 | G148: =E148*F148 -> 725130
B149: Chumacera o cojinete, buje central o de piñones pequeños. | D149: Unidad | E149: 505050 | F149: 1 | G149: =E149*F149 -> 505050
B150: Chumacera o cojinete, buje central o de piñones grandes. | D150: Unidad | E150: 551250 | F150: 1 | G150: =E150*F150 -> 551250
B151: buje insertado de la biela reconstruido | D151: Unidad | E151: 194145 | F151: 1 | G151: =E151*F151 -> 194145
...

Sheet ACT 3
B3: REPUBLICA DE COLOMBIA
E4: ANÁLISIS DE PRECIOS UNITARIOS
B7: OBRA: | G7: ESPECIFICACIÓN:
B8: ITEM: | C8: =PRESUPUESTO!C16 -> Realizar publicación y difusión de información | G8: UNIDAD : | H8: UND
B9: I. EQUIPO
B10: Descripción | D10: Unidad | E10: Tarifa/Hr | F10: Rendimiento | G10: Valor-Total
H13: =SUM(G11:G13) -> 0 | K13: TOTAL
G14: Sub-Total | J14: MOC | K14: =(H32)+((H32)*0.3)+((H32)*0.05*0.19) -> 0 | L14: =SUM(K14:K15) -> 6750472.5
B15: II. MATERIALES | J15: MAT | K15: =(H26)+((H26)*0.3)+((H26)*0.05*0.19) -> 6750472.5
B16: Descripción | D16: Unidad | E16: Precio-Unit. | F16: Cantidad | G16: Valor-Unit. | J16: TRANS
B17: =+'[1]Plan de medios'!$E$15 -> Diseño e impresión de cartilla didactica | D17: Unidad | E17: 8500 | F17: 50 | G17: =+F17*E17 -> 425000 | J17: EQUIP
B18: =+'[1]Plan de medios'!$E$16 -> Diseño e impresión de Folletos | D18: Unidad | E18: 2400 | F18: 50 | G18: =+F18*E18 -> 120000 | K18: =SUM(K14:K17) -> 6750472.5
B19: =+'[1]Plan de medios'!$E$17 -> Diseño y colocacion de avisos (30x40cm) Con Logos y Distintivos | D19: Unidad | E19: 15000 | F19: 8 | G19: =+F19*E19 -> 120000
B20: Pendones | D20: Unidad | E20: 130000 | F20: 3 | G20: =+F20*E20 -> 390000
B21: Diseño, Edición y publicacion de comerciales radiales | D21: Unidad | E21: 150000 | F21: 4 | G21: =+F21*E21 -> 600000
B22: Diseño, Edición y publicacion de comerciales medio escritos | D22: Unidad | E22: 250000 | F22: 1 | G22: =+F22*E22 -> 250000
B23: Valla publicitaria, Medida 3.00 x 2.00, incluye: estructura en tubo galvanizado anclada, lona impresa en banner medida,3.00x2.00, incluye instalación y transporte. | D23: Unidad | E23: 3250000 | F23: 1 | G23: =+F23*E23 -> 3250000
K25: 7955000
H26: =SUM(G17:G26) -> 5155000
G27: Sub-Total
B28: III. MANO DE OBRA
B29: Trabajador | C29: Unidad | D29: Cantidad | E29: V. Unitario. | F29: Rendimiento/dia | G29: Valor-Unit.
H32: =SUM(G30:G32) -> 0
G33: Sub-Total
B35: IV. TRANSPORTE
B36: Vehiculo | C36: Viaje | D36: Cantidad | E36: V. Unitario. | F36: Rendimiento/dia | G36: Valor-Unit.
H39: =SUM(G37:G39) -> 0
G40: Sub-Total
H41: =H13+H26+H32+H39 -> 5155000
E43: ____________________________________________
E44: Ing. Julio Curvelo Redondo
E45: Coordinador Grupo Administración Integral del Recurso Hídrico

Sheet ACT 4
B3: REPUBLICA DE COLOMBIA
E4: ANÁLISIS DE PRECIOS UNITARIOS
B7: OBRA: | G7: ESPECIFICACIÓN:
B8: ITEM: | G8: UNIDAD : | H8: UND
B9: =PRESUPUESTO!C18 -> Realizar talleres de sensibilización y concienciación ambiental
B10: I. EQUIPO
B11: Descripción | D11: Unidad | E11: Tarifa/Hr | F11: Rendimiento | G11: Valor-Total | L11: 1 unidad | M11: TOTAL
K12: MOC | L12: =H28+(H28*0.3)+(H28*0.05*0.19) -> 1242715.5 | M12: =L12*4 -> 4970862
K13: MAT | L13: =H20+(H20*0.3)+(H20*0.05*0.19) -> 172658.23 | M13: =L13*4 -> 690632.92
H14: =SUM(G12:G14) -> 0 | K14: TRANS | L14: =H35+(H35*0.3)+(H35*0.05*0.19) -> 523800 | M14: =L14*4 -> 2095200
G15: Sub-Total | L15: =SUM(L12:L14) -> 1939173.7 | M15: =L15*4 -> 7756694.9
B16: II. MATERIALES
B17: Descripción | D17: Unidad | E17: Precio-Unit. | F17: Cantidad | G17: Valor-Unit.
B18: PAPELERIA | D18: Unidad | E18: 30000 | F18: 1 | G18: =+F18*E18 -> 30000
B19: LOGISTICA | D19: Jornada | E19: 101850.5 | F19: 1 | G19: =+F19*E19 -> 101850.5
H20: =SUM(G18:G20) -> 131850.5
G21: Sub-Total
B22: III. MANO DE OBRA
B23: Trabajador | C23: Unidad | D23: Cantidad | E23: V. Unitario. | F23: Rendimiento/dia | G23: Valor-Unit.
B24: Auxiliar de Apoyo | C24: HONORARIO | D24: 1 | E24: 1800000 | F24: 0.05 | G24: =+D24*E24*F24 -> 90000
B25: Interprete | C25: HONORARIO | D25: 1 | E25: 2200000 | F25: 0.05 | G25: =+D25*E25*F25 -> 110000
B26: Ingeniero Ambiental | C26: HONORARIO | D26: 1 | E26: 4550000 | F26: 0.08 | G26: =+D26*E26*F26 -> 364000
B27: Trabajor Social | C27: HONORARIO | D27: 1 | E27: 5500000 | F27: 0.07 | G27: =+D27*E27*F27 -> 385000
H28: =SUM(G24:G28) -> 949000
G29: Sub-Total
B31: IV. TRANSPORTE
B32: Vehiculo | C32: Viaje | D32: Cantidad | E32: V. Unitario. | F32: Rendimiento/dia | G32: Valor-Unit.
B34: CAMIONETA 4X4 | C34: Flete | D34: 1 | E34: 400000 | F34: 1 | G34: =+E34*F34 -> 400000
H35: =SUM(G33:G35) -> 400000
G36: Sub-Total
H37: =H14+H20+H28+H35 -> 1480850.5
D38: Precio unitario total aproximado al peso
C40: ____________________________________________
C41: Ing. Julio Curvelo Redondo
C42: Coordinador Grupo Administración Integral del Recurso Hídrico

Sheet COMUNIDADES
A1: COMUNIDAD | D1: definitivo
A2: Alirapa | B2: 1 | E2: 1
A3: Amurulua | B3: 2 | E3: 2
A4: Atain | B4: 3 | E4: 3
A5: Atakararu | B5: 4 | E5: 4
A6: Caracas Rureya* | B6: 5 | E6: 5
A7: Caurascira | B7: 6 | E7: 6
A8: poromana | B8: 7 | D8: poromana | E8: 7
A9: Hurraichikat | B9: 8 | E9: 8
A10: Isoshica | B10: 9 | E10: 9
A11: Jamchekat | B11: 10 | E11: 10
A12: Jasaica Guadalupe | B12: 11 | E12: 11
A13: Josocorrori | B13: 12 | E13: 12
A14: Kamana | B14: 13 | E14: 13
A15: Kastposhi | B15: 14 | E15: 14
A16: Kuskat #2 | B16: 15 | E16: 15
A17: Mannaka | B17: 16 | E17: 16
A18: Mañaiature | B18: 17 | E18: 17
A19: Marawaikat | B19: 18 | E19: 18
A20: Paisapa | B20: 19 | E20: 19
... A27: Carrouyermana | B27: 26 | E27: 26
A28: calabazo | B28: 27 | D28: calabazo | E28: 27
A29: El Tucupao | B29: 28 | E29: 28
A30: Kalouyachon | B30: 29 | E30: 29
A31: Guayabal | B31: 30 | E31: 30
A32: Irruachon | B32: 31 | E32: 31
A33: Irruwain | B33: 32 | E33: 32
A34: Jamazinal | B34: 33 | E34: 33
A35: Jamichera Ii | B35: 34 | E35: 34
A36: Sischon #1 | B36: 35 | E36: 35
A37: Jepimana | B37: 36 | E37: 36
A38: Jupechimana | B38: 37 | E38: 37
A39: capecherremana | B39: 38 | D39: capecherremana | E39: 38
A40: Koushalapu | B40: 39 | E40: 39
A41: Kulitnachi | B41: 40 | E41: 40
A42: La Alutshira | B42: 41 | E42: 41
A43: La Villa | B43: 42 | E43: 42
A44: Mariomana | B44: 43 | E44: 43
A45: Mascichon | B45: 44 | E45: 44
A46: Sischon #2 | B46: 45 | E46: 45
A47: Paliyu | B47: 46 | E47: 46
A48: jar | B48: 47 | D48: jar | E48: 47
A49: Jouralen | B49: 48
A50: =+A49+1 -> #VALUE! | B50: 49
A51: =+A50+1 -> #VALUE! | B51: 50
A52: =+A51+1 -> #VALUE! | B52: 51
A53: =+A52+1 -> #VALUE!
A54: =+A53+1 -> #VALUE!
A55: =+A54+1 -> #VALUE!
A56: =+A55+1 -> #VALUE!
A57: =+A56+1 -> #VALUE!
A58: =+A57+1 -> #VALUE!
A59: =+A58+1 -> #VALUE!
A60: =+A59+1 -> #VALUE!
A61: =+A60+1 -> #VALUE!
A62: =+A61+1 -> #VALUE!
A63: =+A62+1 -> #VALUE!
A64: =+A63+1 -> #VALUE!
... A83: =+A82+1 -> #VALUE!

Sheet MOLINOS
A1: Consecutivo | B1: CODIGO | C1: DESCRIPCION | D1: UNIDAD | E1: CANTIDAD | F1: VR. UNIT. | G1: VR. PARCIAL
C2: MOLINO 1
A3: 1 | B3: 730 | C3: Chumacera o cojinete, buje o tabiquera larga del cubo/estrella No 730 | D3: Unidad | E3: 1 | F3: =+Hoja5!M239 -> 874341.94 | G3: =+F3*E3 -> 874341.94 | H3: =SUBTOTAL(9,E3:E1915) -> 2669.5
A4: 1 | B4: 708 | C4: Chumacera o cojinete, buje central o de piñones pequeños. | D4: Unidad | E4: 1 | F4: =+Hoja5!M240 -> 615578.8 | G4: =+F4*E4 -> 615578.8 | H4: =SUBTOTAL(9,E4:E1916) -> 2668.5
A5: 1 | B5: 752 | C5: Chumacera o cojinete, buje central o de piñones grandes. | D5: Unidad | E5: 1 | F5: =+Hoja5!M241 -> 672692.29 | G5: =+F5*E5 -> 672692.29 | H5: =SUBTOTAL(9,E5:E1917) -> 2667.5
A6: 1 | B6: 686 R | C6: buje insertado de la biela reconstruido | D6: Unidad | E6: 2 | F6: 184841.78 | G6: =+F6*E6 -> 369683.57 | H6: =SUBTOTAL(9,E6:E1918) -> 2666.5
A7: 1 | B7: 527 | C7: Varilla Z -Varilla de activar freno del molino | D7: Unidad | E7: 1 | F7: =+Hoja5!M57 -> 106249.8 | G7: =+F7*E7 -> 106249.8 | H7: =SUBTOTAL(9,E7:E1919) -> 2664.5
A8: 1 | B8: 522 | C8: Eje Rueda guía - Eje pasador de la rueda guia de la Biela, conecta yugo, varilla y Bielas Eje de carro guía. | D8: Unidad | E8: 1 | F8: =+Hoja5!M55 -> 197789.03 | G8: =+F8*E8 -> 197789.03 | H8: =SUBTOTAL(9,E8:E1920) -> 2663.5
A9: 1 | B9: 510 | C9: Pasador de cola - Pivote de cola o Tornillo Bisagra de cola | D9: Unidad | E9: 1 | F9: =+Hoja5!M50 -> 427594.26 | G9: =+F9*E9 -> 427594.26 | H9: =SUBTOTAL(9,E9:E1924) -> 2662.5
A10: 1 | B10: 28 | C10: Resorte de veleta | D10: Unidad | E10: 1 | F10: =+Hoja5!M32 -> 307100.96 | G10: =+F10*E10 -> 307100.96 | H10: =SUBTOTAL(9,E10:E1922) -> 2661.5
A11: 1 | B11: N/A | C11: Flanche Pintado (Anti+Pintura)+Te Galvanizada 2" (Soldada) | D11: Unidad | E11: 1 | F11: =+Hoja5!M140 -> 300958.76 | G11: =+F11*E11 -> 300958.76 | H11: =SUBTOTAL(9,E11:E1923) -> 2660.5
A12: 1 | B12: 243.5 | C12: Palanca de freno + Guaya para frenar. (Gauya de Acero ) | D12: Unidad | E12: 1 | F12: =+Hoja5!M44 -> 256983.18 | G12: =+F12*E12 -> 256983.18 | H12: =SUBTOTAL(9,E12:E1924) -> 2659.5
A13: 1 | B13: 718-517 | C13: Aceitera y resorte de la misma | D13: Unidad | F13: 278002 | G13: =+F13*E13 -> 0 | H13: =SUBTOTAL(9,E13:E1925) -> 2658.5
A14: 1 | B14: N/A | C14: Accesorios | D14: Unidad | E14: 1 | F14: =+Hoja5!M232+Hoja5!M233+Hoja5!M234+Hoja5!M235+Hoja5!M236 -> 82819.868 | G14: =+F14*E14 -> 82819.868 | H14: =SUBTOTAL(9,E14:E1926) -> 2658.5
A15: 1 | B15: 690 | C15: Zapata o vincha de freno | D15: Unidad | E15: 1 | F15: =+Hoja5!M156 -> 494940.91 | G15: =+F15*E15 -> 494940.91 | H15: =SUBTOTAL(9,E15:E1927) -> 2657.5
A16: 1 | B16: 268 | C16: Antitorsion para varilla de mando N° 171 O VARILLA DE BOMBEO | D16: Unidad | F16: =+Hoja5!M129 -> 639730.44 | G16: =+F16*E16 -> 0 | H16: =SUBTOTAL(9,E16:E1928) -> 2656.5
A17: 1 | B17: 719 | C17: Cubo completo con Eje 703 | D17: Unidad | F17: =+Hoja5!M163 -> 2847932.7 | G17: =+F17*E17 -> 0 | H17: =SUBTOTAL(9,E17:E1929) -> 2656.5
A18: 1 | B18: 661,4P | C18: Tubo sosten 4 post | D18: Unidad | F18: =+Hoja5!M180 -> 2385143.6 | G18: =+F18*E18 -> 0 | H18: =SUBTOTAL(9,E18:E1930) -> 2656.5
A19: 1 | B19: N/A | C19: Tubo galvanizado de 2” con unión | D19: Unidad | E19: 6.5 | F19: =+Hoja5!M256 -> 307102.24 | G19: =+F19*E19 -> 1996164.6 | H19: =SUBTOTAL(9,E19:E1931) -> 2656.5
A20: 1 | B20: 528.5 | C20: Antenas plegadoras - el par o juego | D20: Unidad | E20: 2 | F20: =+Hoja5!M58 -> 292746.13 | G20: =+F20*E20 -> 585492.27 | H20: =SUBTOTAL(9,E20:E1932) -> 2650
A21: 1 | B21: N/A | C21: Varilla de ½ X 6 mts | D21: Unidad | E21: 6 | F21: =+Hoja5!M257 -> 71289.17 | G21: =+F21*E21 -> 427735.02 | H21: =SUBTOTAL(9,E21:E1933) -> 2648
A22: 1 | B22: N/A | C22: Centradores ángulo 1"x 1/8" + abrazadera para 2" | D22: Unidad | E22: 1 | F22: =+Hoja5!M123 -> 142183.04 | G22: =+F22*E22 -> 142183.04 | H22: =SUBTOTAL(9,E22:E1934) -> 2642
A23: 1 | B23: N/A | C23: union de varilla 1/2 x 2" | D23: Unidad | E23: 8 | F23: =+Hoja5!M258 -> 29369.945 | G23: =+F23*E23 -> 234959.56 | H23: =SUBTOTAL(9,E23:E1935) -> 2641
A24: 1 | B24: N/A | C24: Cilindro de 3 ½ en acero inoxidable con tapas, piston y cheques en bronces | D24: Unidad | E24: 1 | F24: 1801648.8 | G24: =+F24*E24 -> 1801648.8 | H24: =SUBTOTAL(9,E24:E1994) -> 2633
A25: 1 | B25: N/A | C25: Plataforma de madera grande | D25: Unidad | E25: 1 | F25: =+Hoja5!M259 -> 163108.64 | G25: =+F25*E25 -> 163108.64 | H25: =SUBTOTAL(9,E25:E1937) -> 2632
A26: 1 | B26: N/A | C26: Plataforma de madera pequeña | D26: Unidad | E26: 1 | F26: =+F25*0.75 -> 122331.48 | G26: =+F26*E26 -> 122331.48 | H26: =SUBTOTAL(9,E26:E1938) -> 2631
A27: 1 | B27: N/A | C27: Pintura General | D27: GALON | E27: 5 | F27: 193974 | G27: =+F27*E27 -> 969870 | H27: =SUBTOTAL(9,E27:E1939) -> 2630
A28: 1 | B28: 100 | C28: Aspa o helice | D28: Unidad | F28: =+Hoja5!M153 -> 118572.58 | G28: =+F28*E28 -> 0 | H28: =SUBTOTAL(9,E28:E1940) -> 2625
A29: 1 | B29: 736 | C29: Radios + tuercas | D29: Unidad | F29: =+Hoja5!M166 -> 165180.35 | G29: =+F29*E29 -> 0 | H29: =SUBTOTAL(9,E29:E1941) -> 2625
A30: 1 | B30: N/A | C30: Aceite para convertidor Shell | D30: Galon | E30: 1 | F30: 133080.97 | G30: =+F30*E30 -> 133080.97 | H30: =SUBTOTAL(9,E30:E1942) -> 2625
A31: 1 | B31: N/A | C31: Grasa copa 1/4 de libra | D31: Libra | E31: 1 | F31: 66540.483 | G31: =+F31*E31 -> 66540.483
A32: 1 | B32: 576 | C32: Suministro de Arandelas-acero fricciòn base Convertidor | D32: UND | E32: 3 | F32: 59806 | G32: =+F32*E32 -> 179418
A33: 1 | B33: 101 | C33: Suministro de Costilla de la pala - Guia de aspas | D33: UND | E33: =+E28 -> 0 | F33: 78318 | G33: =+F33*E33 -> 0
A34: 1 | B34: N/A | C34: Mano de obra de reparacion de molino, incluye : (desmontaje de cabezote, cambio de tuberia, repuestos, alimentacion,estadia y transporte) | D34: Unidad | E34: 1 | F34: =+Hoja5!M262 -> 3817766.6 | G34: =+F34*E34 -> 3817766.6 | H34: =SUBTOTAL(9,E34:E1946) -> 2620
A35: 1 | B35: N/A | C35: Traslado de maquinaria, equipo y personal incluye compresor de aire de 175 c.f.m y 120 p.s.i tripode tuberia, quimicos , manilas y herramienta | D35: Unidad | E35: 1 | F35: =3184838.63678603 -> 3184838.6 | G35: =+F35*E35 -> 3184838.6 | H35: =SUBTOTAL(9,E35:E1947) -> 2619
A36: 1 | B36: N/A | C36: Lavado de pozo con compresor lavado , contralavado y surgencia utilizando compresor de aire 120 psi y 175 cfm a lo largo de cada tramo de filtro, hasta obtener agua cristalino y libre de solido en suspension | D36: Unidad | E36: 1 | F36: =+Hoja5!M15 -> 3312236.8 | G36: =+F36*E36 -> 3312236.8 | H36: =SUBTOTAL(9,E36:E1948) -> 2618
A37: 1 | B37: N/A | C37: Suministro y aplicación de hexametafosfato de sodio y acido sulfamico | D37: Unidad | E37: 1 | F37: 1620000 | G37: =+F37*E37 -> 1620000 | H37: =SUBTOTAL(9,E37:E1949) -> 2617
A38: 1 | B38: N/A | C38: Prueba de bombeo a caudal constante con bomba y duracion 8 horas continuas, se tomaran de recuperacion con sonda de niveles | D38: Unidad | E38: 1 | F38: 3817767 | G38: =+F38*E38 -> 3817767 | H38: =SUBTOTAL(9,E38:E1950) -> 2616
A39: 1 | B39: N/A | C39: Mano de obra incluye: (sacar y meter tuberia, instalacion de tuberia de limpieza, y operación de compresor). | D39: Unidad | E39: 1 | F39: =+Hoja5!M17 -> 2031088.1 | G39: =+F39*E39 -> 2031088.1 | H39: =SUBTOTAL(9,E39:E1951) -> 2615
C40: SUBTOTAL | G40: =SUM(G3:G39) -> 29312963 | H40: =+#REF! -> #REF! | J40: =+G40-H40 -> #REF!
C42: MOLINO 2
A43: 2 | B43: 730 | C43: Chumacera o cojinete, buje o tabiquera larga del cubo/estrella No 730 | D43: Unidad | E43: 1 | F43: 874341.94 | G43: =+F43*E43 -> 874341.94
A44: 2 | B44: 708 | C44: Chumacera o cojinete, buje central o de piñones pequeños. | D44: Unidad | E44: 1 | F44: 615578.8 | G44: =+F44*E44 -> 615578.8
A45: 2 | B45: 752 | C45: Chumacera o cojinete, buje central o de piñones grandes. | D45: Unidad | E45: 1 | F45: 672692.29 | G45: =+F45*E45 -> 672692.29
A46: 2 | B46: 686 R | C46: buje insertado de la biela reconstruido | D46: Unidad | E46: 2 | F46: 184841.78 | G46: =+F46*E46 -> 369683.57
A47: 2 | B47: 527 | C47: Varilla Z -Varilla de activar freno del molino | D47: Unidad | F47: 106249.8 | G47: =+F47*E47 -> 0
A48: 2 | B48: 522 | C48: Eje Rueda guía - Eje pasador de la rueda guia de la Biela, conecta yugo, varilla y Bielas Eje de carro guía. | D48: Unidad | E48: 1 | F48: 197789.03 | G48: =+F48*E48 -> 197789.03
A49: 2 | B49: 510 | C49: Pasador de cola - Pivote de cola o Tornillo Bisagra de cola | D49: Unidad | E49: 1 | F49: 427594.26 | G49: =+F49*E49 -> 427594.26
A50: 2 | B50: 28 | C50: Resorte de veleta | D50: Unidad | E50: 1 | F50: 307100.96 | G50: =+F50*E50 -> 307100.96
A51: 2 | B51: N/A | C51: Flanche Pintado (Anti+Pintura)+Te Galvanizada 2" (Soldada) | D51: Unidad | E51: 1 | F51: 300958.76 | G51: =+F51*E51 -> 300958.76
A52: 2 | B52: 243.5 | C52: Palanca de freno + Guaya para frenar. (Gauya de Acero ) | D52: Unidad | E52: 1 | F52: 256983.18 | G52: =+F52*E52 -> 256983.18
A53: 2 | B53: 718-517 | C53: Aceitera y resorte de la misma | D53: Unidad | F53: 278002 | G53: =+F53*E53 -> 0
A54: 2 | B54: N/A | C54: Accesorios | D54: Unidad | E54: 1 | F54: 82819.868 | G54: =+F54*E54 -> 82819.868
A55: 2 | B55: 690 | C55: Zapata o vincha de freno | D55: Unidad | E55: 1 | F55: 494940.91 | G55: =+F55*E55 -> 494940.91
A56: 2 | B56: 268 | C56: Antitorsion para varilla de mando N° 171 O VARILLA DE BOMBEO | D56: Unidad | E56: 1 | F56: 639730.44 | G56: =+F56*E56 -> 639730.44
A57: 2 | B57: 719 | C57: Cubo completo con Eje 703 | D57: Unidad | F57: 2847932.7 | G57: =+F57*E57 -> 0
A58: 2 | B58: 661,4P | C58: Tubo sosten 4 post | D58: Unidad | F58: 2385143.6 | G58: =+F58*E58 -> 0
A59: 2 | B59: N/A | C59: Tubo galvanizado de 2” con unión | D59: Unidad | E59: 6.5 | F59: 307102.24 | G59: =+F59*E59 -> 1996164.6
A60: 2 | B60: 528.5 | C60: Antenas plegadoras - el par o juego | D60: Unidad | F60: 292746.13 | G60: =+F60*E60 -> 0
A61: 2 | B61: N/A | C61: Varilla de ½ X 6 mts | D61: Unidad | E61: 6 | F61: 71289.17 | G61: =+F61*E61 -> 427735.02
A62: 2 | B62: N/A | C62: Centradores ángulo 1"x 1/8" + abrazadera para 2" | D62: Unidad | E62: 1 | F62: 142183.04 | G62: =+F62*E62 -> 142183.04
A63: 2 | B63: N/A | C63: union de varilla 1/2 x 2" | D63: Unidad | E63: 8 | F63: 29369.945 | G63: =+F63*E63 -> 234959.56
A64: 2 | B64: N/A | C64: Cilindro de 3 ½ en acero inoxidable con tapas, piston y cheques en bronces | D64: Unidad | E64: 1 | F64: 1801648.8 | G64: =+F64*E64 -> 1801648.8
A65: 2 | B65: N/A | C65: Plataforma de madera grande | D65: Unidad | E65: 1 | F65: 163108.64 | G65: =+F65*E65 -> 163108.64
A66: 2 | B66: N/A | C66: Plataforma de madera pequeña | D66: Unidad | E66: 1 | F66: 122331.48 | G66: =+F66*E66 -> 122331.48
A67: 2 | B67: N/A | C67: Pintura General | D67: GALON | E67: 5 | F67: 193974 | G67: =+F67*E67 -> 969870
A68: 2 | B68: 100 | C68: Aspa o helice | D68: Unidad | F68: 118572.58 | G68: =+F68*E68 -> 0
A69: 2 | B69: 736 | C69: Radios + tuercas | D69: Unidad | F69: 165180.35 | G69: =+F69*E69 -> 0
A70: 1 | B70: N/A | C70: Aceite para convertidor Shell | D70: Galon | E70: 1 | F70: 133080.97 | G70: =+F70*E70 -> 133080.97
A71: 1 | B71: N/A | C71: Grasa copa 1/4 de libra | D71: Libra | E71: 1 | F71: 66540.483 | G71: =+F71*E71 -> 66540.483
A72: 1 | B72: 576 | C72: Suministro de Arandelas-acero fricciòn base Convertidor | D72: UND | E72: 3 | F72: 59806 | G72: =+F72*E72 -> 179418
A73: 1 | B73: 101 | C73: Suministro de Costilla de la pala - Guia de aspas | D73: UND | E73: =+E68 -> 0 | F73: 78318 | G73: =+F73*E73 -> 0
A74: 2 | B74: N/A | C74: Mano de obra de reparacion de molino, incluye : (desmontaje de cabezote, cambio de tuberia, repuestos, alimentacion,estadia y transporte) | D74: Unidad | E74: 1 | F74: 3817766.6 | G74: =+F74*E74 -> 3817766.6
A75: 1 | B75: N/A | C75: Traslado de maquinaria, equipo y personal incluye compresor de aire de 175 c.f.m y 120 p.s.i tripode tuberia, quimicos , manilas y herramienta | D75: Unidad | E75: 1 | F75: =3184838.63678603 -> 3184838.6 | G75: =+F75*E75 -> 3184838.6
A76: 2 | B76: N/A | C76: Lavado de pozo con compresor lavado , contralavado y surgencia utilizando compresor de aire 120 psi y 175 cfm a lo largo de cada tramo de filtro, hasta obtener agua cristalino y libre de solido en suspension | D76: Unidad | E76: 1 | F76: 3312236.8 | G76: =+F76*E76 -> 3312236.8
A77: 2 | B77: N/A | C77: Suministro y aplicación de hexametafosfato de sodio y acido sulfamico | D77: Unidad | E77: 1 | F77: 1620000 | G77: =+F77*E77 -> 1620000
A78: 2 | B78: N/A | C78: Prueba de bombeo a caudal constante con bomba y duracion 8 horas continuas, se tomaran de recuperacion con sonda de niveles | D78: Unidad | E78: 1 | F78: 3817767 | G78: =+F78*E78 -> 3817767
A79: 2 | B79: N/A | C79: Mano de obra incluye: (sacar y meter tuberia, instalacion de tuberia de limpieza, y operación de compresor). | D79: Unidad | E79: 1 | F79: 2031088.1 | G79: =+F79*E79 -> 2031088.1
C80: SUBTOTAL | G80: =SUM(G43:G79) -> 29260952 | H80: =+#REF! -> #REF! | J80: =+G80-H80 -> #REF!
C81: MOLINO 3
A82: 3 | B82: 730 | C82: Chumacera o cojinete, buje o tabiquera larga del cubo/estrella No 730 | D82: Unidad | E82: 1 | F82: 874341.94 | G82: =+F82*E82 -> 874341.94
A83: 3 | B83: 708 | C83: Chumacera o cojinete, buje central o de piñones pequeños. | D83: Unidad | E83: 1 | F83: 615578.8 | G83: =+F83*E83 -> 615578.8
A84: 3 | B84: 752 | C84: Chumacera o cojinete, buje central o de piñones grandes. | D84: Unidad | E84: 1 | F84: 672692.29 | G84: =+F84*E84 -> 672692.29
A85: 3 | B85: 686 R | C85: buje insertado de la biela reconstruido | D85: Unidad | E85: 2 | F85: 184841.78 | G85: =+F85*E85 -> 369683.57
A86: 3 | B86: 527 | C86: Varilla Z -Varilla de activar freno del molino | D86: Unidad | E86: 1 | F86: 106249.8 | G86: =+F86*E86 -> 106249.8
A87: 3 | B87: 522 | C87: Eje Rueda guía - Eje pasador de la rueda guia de la Biela, conecta yugo, varilla y Bielas Eje de carro guía. | D87: Unidad | E87: 1 | F87: 197789.03 | G87: =+F87*E87 -> 197789.03
A88: 3 | B88: 510 | C88: Pasador de cola - Pivote de cola o Tornillo Bisagra de cola | D88: Unidad | E88: 1 | F88: 427594.26 | G88: =+F88*E88 -> 427594.26
A89: 3 | B89: 28 | C89: Resorte de veleta | D89: Unidad | E89: 1 | F89: 307100.96 | G89: =+F89*E89 -> 307100.96
A90: 3 | B90: N/A | C90: Flanche Pintado (Anti+Pintura)+Te Galvanizada 2" (Soldada) | D90: Unidad | E90: 1 | F90: 300958.76 | G90: =+F90*E90 -> 300958.76
A91: 3 | B91: 243.5 | C91: Palanca de freno + Guaya para frenar. (Gauya de Acero ) | D91: Unidad | E91: 1 | F91: 256983.18 | G91: =+F91*E91 -> 256983.18
A92: 3 | B92: 718-517 | C92: Aceitera y resorte de la misma | D92: Unidad | F92: 278002 | G92: =+F92*E92 -> 0
A93: 3 | B93: N/A | C93: Accesorios | D93: Unidad | E93: 1 | F93: 82819.868 | G93: =+F93*E93 -> 82819.868
A94: 3 | B94: 690 | C94: Zapata o vincha de freno | D94: Unidad | E94: 1 | F94: 494940.91 | G94: =+F94*E94 -> 494940.91
A95: 3 | B95: 268 | C95: Antitorsion para varilla de mando N° 171 O VARILLA DE BOMBEO | D95: Unidad | F95: 639730.44 | G95: =+F95*E95 -> 0
A96: 3 | B96: 719 | C96: Cubo completo con Eje 703 | D96: Unidad | F96: 2847932.7 | G96: =+F96*E96 -> 0
A97: 3 | B97: 661,4P | C97: Tubo sosten 4 post | D97: Unidad | F97: 2385143.6 | G97: =+F97*E97 -> 0
A98: 3 | B98: N/A | C98: Tubo galvanizado de 2” con unión | D98: Unidad | E98: 6.5 | F98: 307102.24 | G98: =+F98*E98 -> 1996164.6
A99: 3 | B99: 528.5 | C99: Antenas plegadoras - el par o juego | D99: Unidad | E99: 2 | F99: 292746.13 | G99: =+F99*E99 -> 585492.27
A100: 3 | B100: N/A | C100: Varilla de ½ X 6 mts | D100: Unidad | E100: 6 | F100: 71289.17 | G100: =+F100*E100 -> 427735.02
A101: 3 | B101: N/A | C101: Centradores ángulo 1"x 1/8" + abrazadera para 2" | D101: Unidad | E101: 1 | F101: 142183.04 | G101: =+F101*E101 -> 142183.04
...

Sheet A.I.U.
A1: DESGLOSE DE AIU
A3: COSTOS DIRECTOS DE LA OBRA: | D3: 68761303
A5: PERSONAL ADMINISTRATIVO | B5: CANTIDAD | C5: UNIDAD | D5: DEDICACION | E5: VALOR MES/BASE | F5: MESES | G5: % COST DIRECT | I5: VALOR TOTAL
A6: Director de Obra | B6: 1 | C6: UN | D6: 0.3 | E6: 3400000 | F6: 1 | G6: =I6/D3 -> 0.014833925 | I6: =E6*D6*F6 -> 1020000
A7: Secretaria | B7: 1 | C7: UN | D7: 1 | E7: 1300000 | F7: 1 | G7: =+I7/$D$3 -> 0.018905983 | I7: =E7*D7*F7 -> 1300000
A8: TOTAL GASTOS DE PERSONAL | G8: =SUM(G6:H7) -> 0.033739907 | I8: =SUM(I6:I7) -> 2320000
A10: GASTOS DE CAMPO | C10: UNIDAD | D10: CANTIDAD | E10: VALOR MES/BASE | F10: MESES | G10: % COST DIRECT | I10: VALOR TOTAL
A11: GASTOS DE PAPELERIA | C11: UN | D11: 1 | E11: 298796.44 | F11: 1 | G11: =+I11/$D$3 -> 0.0043454156 | I11: =+E11*F11 -> 298796.44
A12: TOTAL GASTOS DE CAMPO | G12: =SUM(G11:H11) -> 0.0043454156 | I12: =SUM(I11:I11) -> 298796.44
A13: GASTOS LEGALES | C13: UNIDAD | D13: CANTIDAD | E13: VALOR MES/BASE | F13: MESES | G13: % COST DIRECT | I13: VALOR TOTAL
A14: RETENCIÓN EN LA FUENTE | C14: GL | D14: 1 | E14: 1845636.9 | F14: 1 | G14: =E14/D3 -> 0.026841214 | I14: =E14*D14 -> 1845636.9
A15: OTROS (PROCULTURA, PRODESARROLLO, ICA, PROUNIVERSIDAD, PRODEPARTAMENTO) | C15: GL | D15: 1 | E15: 6736574.6 | F15: 1 | G15: =E15/D3 -> 0.097970432 | I15: =E15*D15 -> 6736574.6
A16: CONTRIBUCIÓN OBRAS 5% | C16: GL | D16: 1 | E16: 4614092.2 | F16: 1 | G16: =E16/D3 -> 0.067103036 | I16: =E16*D16 -> 4614092.2
A17: COSTOS LEGALES Y FINANCIEROS COSTOS DE FIDUCIA Y POLIZA | C17: GL | D17: 1 | E17: =D3*G17 -> 687613.03 | F17: 1 | G17: 0.01 | I17: =E17*F17 -> 687613.03
A18: TOTAL GASTOS LEGALES | G18: =SUM(G14:H17) -> 0.20191468 | I18: =SUM(I14:I17) -> 13883917
A20: IMPREVISTOS | C20: UNIDAD | D20: CANTIDAD | E20: VALOR MES/BASE | F20: MESES | G20: % COST DIRECT | I20: VALOR TOTAL
A21: RIESGOS POR LLUVIAS Y OTROS | C21: GL | D21: 1 | E21: =D3*0.01 -> 687613.03 | F21: 1 | G21: =+I21/$D$3 -> 0.01 | I21: =E21*F21 -> 687613.03
A22: TOTAL IMPREVISTOS | G22: =SUM(G21:H21) -> 0.01 | I22: =SUM(I21:I21) -> 687613.03
A24: UTILIDAD | C24: UNIDAD | D24: CANTIDAD | E24: VALOR MES/BASE | F24: MESES | G24: % COST DIRECT | I24: VALOR TOTAL
A25: UTILIDAD NETA | C25: GL | D25: 1 | E25: =D3*0.05 -> 3438065.2 | G25: =+I25/$D$3 -> 0.05 | I25: =+D25*E25 -> 3438065.2
A26: TOTAL UTILIDAD | G26: =SUM(G25) -> 0.05 | I26: =SUM(I25) -> 3438065.2
E28: ADMINISTRACION | G28: =+G8+G12+G18 -> 0.24000001 | I28: =+I8+I12+I18 -> 16502713
E29: IMPREVISTOS | G29: =+G22 -> 0.01 | I29: =+I22 -> 687613.03
E30: UTILIDAD | G30: =+G26 -> 0.05 | I30: =+I25 -> 3438065.2
E31: IVA SOBRE UTILIDAD | G31: 0.19 | I31: =+ROUND(I30*0.19,0) -> 653232
E32: PORCENTAJE TOTAL AIU | G32: =+G28+G29+G30 -> 0.30000001 | I32: =+I28+I29+I30+I31 -> 21281623
E33: COSTO DIRECTO | I33: =+D3 -> 68761303

Sheet LISTADO
A1: N° | B1: Municipio | C1: Comunidad | D1: Población | H1: Coodenadas
D2: #Casas | E2: #Personas | F2: #Adultos | G2: #Niños
A3: 1 | B3: Manaure | C3: Alirapa | D3: 17 | E3: =5.28374*D3 -> 89.82358 | F3: =E3*0.42928457 -> 38.559877 | G3: =E3-F3 -> 51.263703 | H3: 11°32'46.8'' | I3: 72°47'0.02''
A4: 2 | B4: Manaure | C4: Amurulua | D4: 14 | E4: 84 | F4: 35 | G4: 49 | H4: 11°36'24,0'' | I4: 72°45'40,4''
A5: 3 | B5: Manaure | C5: ATAIN | D5: 38 | E5: =5.28374*D5 -> 200.78212 | F5: =E5*0.42928457 -> 86.192666 | G5: =E5-F5 -> 114.58945 | H5: 11°43'24.3 | I5: 72°22'43.9
A6: 4 | B6: Manaure | C6: Atakararu | D6: 24 | E6: =D6*6 -> 144 | F6: 96 | G6: =E6-F6 -> 48 | H6: 11°28'58.4'' | I6: 72°41'07.3''
A7: 5 | B7: Manaure | C7: Caracas Rureya* | D7: 13 | E7: 96 | F7: 34 | G7: 62 | H7: 11°28'25,6'' | I7: 72°33'48,9''
A8: 6 | B8: Manaure | C8: Caurascira | D8: 33 | E8: 168 | F8: 71 | G8: 97 | H8: 11°33'33,2'' | I8: 72°28'48,8''
A9: 7 | B9: Manaure | C9: Chemerrain | D9: 14 | E9: =D9*6 -> 84 | F9: 49 | G9: =E9-F9 -> 35 | H9: 11°44'32.0'' | I9: 72°24'42.1''
A10: 8 | B10: Manaure | C10: Hurraichikat | D10: 21 | E10: =D10*6 -> 126 | F10: 73 | G10: =E10-F10 -> 53 | H10: 11°28'30.3'' | I10: 72°28'25.4''
A11: 9 | B11: Manaure | C11: Ishipa | D11: 19 | E11: 352 | F11: 27 | G11: 325 | H11: 11°27'26,5'' | I11: 72°35'33,3'' | J11: BOTONEKA
A12: 10 | B12: Manaure | C12: Isoshica | D12: 23 | E12: 135 | F12: 61 | G12: 74 | H12: 11°38'57,8'' | I12: 72°41'17,0'' | J12: CASHITAT
A13: 11 | B13: Manaure | C13: Jamchekat | D13: 17 | E13: 120 | F13: 42 | G13: 78 | H13: 11°34'10,8'' | I13: 72°35'36,4''
A14: 12 | B14: Manaure | C14: Jasaica Guadalupe | D14: 25 | E14: 307 | F14: 60 | G14: 247 | H14: 11°43'56,8 | I14: 72°30'32,5
A15: 13 | B15: Manaure | C15: JOSOCORRORI | D15: 25 | E15: =D15*6 -> 150 | F15: 85 | G15: =E15-F15 -> 65 | H15: 11° 33.31,5 | I15: 072° 24.10,5
A16: 14 | B16: Manaure | C16: Kamana | D16: 12 | E16: =D16*6 -> 72 | F16: 32 | G16: =E16-F16 -> 40 | H16: 11°28'14.26" | I16: 72°32'0.45"
A17: 15 | B17: Manaure | C17: KASTPOSHI | D17: 16 | E17: =D17*6 -> 96 | F17: 58 | G17: =E17-F17 -> 38 | H17: 11°36'2.74" | I17: 72°27'50.63"
A18: 16 | B18: Manaure | C18: Kuskat #2 | D18: 80 | E18: 400 | F18: 164 | G18: 236 | H18: 11°37'31,9'' | I18: 72°46'50,9''
A19: 17 | B19: Manaure | C19: Mannaka | D19: 26 | E19: =D19*6 -> 156 | F19: 94 | G19: =E19-F19 -> 62 | H19: 11°34'39.6'' | I19: 72°37'32.7"
A20: 18 | B20: Manaure | C20: Mañaiature | D20: 20 | E20: 129 | F20: 53 | G20: 76 | H20: 11°41'31,4'' | I20: 72°37'08,0''
A21: 19 | B21: Manaure | C21: MARAWAIKAT | D21: 18 | E21: =D21*6 -> 108 | F21: 49 | G21: =E21-F21 -> 59 | H21: 11°36'34.0'' | I21: 72°36'56.4''
A22: 20 | B22: Manaure | C22: MASHPARA | D22: 46 | E22: =5.28374*D22 -> 243.05204 | F22: =E22*0.42928457 -> 104.33849 | G22: =E22-F22 -> 138.71355 | H22: 11°26'55.1 | I22: 72°36'22.8 | J22: JUPUIPA
A23: 21 | B23: Manaure | C23: Paisapa | D23: 15 | E23: 106 | F23: 64 | G23: =E23-F23 -> 42 | H23: 11°27'40.0'' | I23: 72°27'16.3''
A24: 22 | B24: Manaure | C24: Perraca | D24: 17 | E24: =D24*6 -> 102 | F24: 63 | G24: =E24-F24 -> 39 | H24: 11°31'43.16" | I24: 72°36'39.09"
A25: 23 | B25: Manaure | C25: Piorekat | D25: 26 | E25: =D25*6 -> 156 | F25: 81 | G25: =E25-F25 -> 75 | H25: 11°45'03.4'' | I25: 72°25'07.4''
A26: 24 | B26: Manaure | C26: Pleshiauri | D26: 15 | E26: 120 | F26: 36 | G26: 84 | H26: 11°29'45,54'' | I26: 72°41'54,88'' | J26: MOWASIRA
A27: 25 | B27: Manaure | C27: AMACUCICHON | D27: 21 | E27: =D27*6 -> 126 | F27: 74 | G27: =E27-F27 -> 52 | H27: 11517939 | I27: 72803219
A28: 26 | B28: Manaure | C28: AMAICHON 3 | D28: 23 | E28: =D28*6 -> 138 | F28: 81 | G28: =E28-F28 -> 57 | H28: 11°34'28,7" | I28: 72°45'42.28"
A29: 27 | B29: Manaure | C29: ATAKA I | D29: 24 | E29: =D29*6 -> 144 | F29: 77 | G29: =E29-F29 -> 67 | H29: 11°34.211 | I29: 72°33.295
A30: 28 | B30: Manaure | C30: CALABAZO | D30: 25 | E30: =D30*6 -> 150 | F30: 99 | G30: =E30-F30 -> 51 | H30: 11°36'11.74" | I30: 72°44'06.57"
A31: 29 | B31: Manaure | C31: CARROUYERMANA | D31: 24 | E31: =D31*6 -> 144 | F31: 72 | G31: =E31-F31 -> 72 | H31: 11°37´53.8" | I31: 72°46´8.06"
A32: 30 | B32: Manaure | C32: CUSKAT | D32: 15 | E32: =D32*6 -> 90 | F32: 38 | G32: =E32-F32 -> 52 | H32: 11°37´49.2" | I32: 72°46´30" | J32: PARAISO K 37
A33: 31 | B33: Manaure | C33: EL TUCUPAO | D33: 25 | E33: =D33*6 -> 150 | F33: 83 | G33: =E33-F33 -> 67 | H33: 11°31´4.27" | I33: 72°49´52.83"
A34: 32 | B34: Manaure | C34: GRASAMANA | D34: 17 | E34: =D34*6 -> 102 | F34: 41 | G34: =E34-F34 -> 61 | H34: 11°32´42.1" | I34: 72°46´22"
A35: 33 | B35: Manaure | C35: GUAYABAL | D35: 29 | E35: =D35*6 -> 174 | F35: 97 | G35: =E35-F35 -> 77 | H35: 11°37'56.87" | I35: 72°29'18.58"
A36: 34 | B36: Manaure | C36: IRRUACHON | D36: 12 | E36: =D36*6 -> 72 | F36: 29 | G36: =E36-F36 -> 43 | H36: 11°31'08.85" | I36: 72°34'49.95"
A37: 35 | B37: Manaure | C37: IRRUWAIN | D37: 24 | E37: =D37*6 -> 144 | F37: 75 | G37: =E37-F37 -> 69 | H37: 11° 33´ 51.9" | I37: 72° 45´ 01.6"
A38: 36 | B38: Manaure | C38: JALINAKAT | D38: 15 | E38: =D38*6 -> 90 | F38: 42 | G38: =E38-F38 -> 48 | H38: 11°44'37.16" | I38: 72°28'45.08
A39: 37 | B39: Manaure | C39: JAMAZINAL | D39: 18 | E39: =D39*6 -> 108 | F39: 48 | G39: =E39-F39 -> 60 | H39: 11°28'44.75" | I39: 72°29'47.25"
A40: 38 | B40: Manaure | C40: JAMICHERA II | D40: 20 | E40: =D40*6 -> 120 | F40: 39 | G40: =E40-F40 -> 81 | H40: 11°27´0.49" | I40: 72°34´18"
A41: 39 | B41: Manaure | C41: JAR | D41: 24 | E41: =D41*6 -> 144 | F41: 66 | G41: =E41-F41 -> 78 | H41: N11.3628256 | I41: W72.73547767
A42: 40 | B42: Manaure | C42: JEPIMANA | D42: 12 | E42: =D42*6 -> 72 | F42: 37 | G42: =E42-F42 -> 35 | H42: 11°29'13.49" | I42: 72°26'09.12"
A43: 41 | B43: Manaure | C43: JUPECHIMANA | D43: 23 | E43: =D43*6 -> 138 | F43: 93 | G43: =E43-F43 -> 45 | H43: 11°25.741 | I43: 72°35.104
A44: 42 | B44: Manaure | C44: KAPUCHIRRUMANA | D44: 25 | E44: =D44*6 -> 150 | F44: 98 | G44: =E44-F44 -> 52 | H44: 11°28´35.09" | I44: 72°27´35"
... A46: 44 | B46: Manaure | C46: KOUSHALAPU | D46: 26 | E46: =D46*6 -> 156 | F46: 88 | G46: =E46-F46 -> 68 | H46: 11° 43.00,6 | I46: 072° 27.01,4
A47: 45 | B47: Manaure | C47: KULITNACHI | D47: 17 | E47: =D47*6 -> 102 | F47: 53 | G47: =E47-F47 -> 49 | H47: 11°29'21.69" | I47: 72°24'16.39" | J47: TOLUNDO
A48: 46 | B48: Manaure | C48: LA ALUTSHIRA | D48: 27 | E48: =D48*6 -> 162 | F48: 67 | G48: =E48-F48 -> 95 | H48: 11°3013.39" | I48: 72°46´36.53"
A49: 47 | B49: Manaure | C49: LA VILLA | D49: 12 | E49: =D49*6 -> 72 | F49: 34 | G49: =E49-F49 -> 38 | H49: 11°30´55.38" | I49: 72°48´27.24"
A50: 48 | B50: Manaure | C50: MARIOMANA | D50: 17 | E50: =D50*6 -> 102 | F50: 41 | G50: =E50-F50 -> 61 | H50: 11°32.533 | I50: 72°45.698 | J50: LA PARCELA
A51: 49 | B51: Manaure | C51: MASCICHON | D51: 28 | E51: =D51*6 -> 168 | F51: 87 | G51: =E51-F51 -> 81 | H51: N11°31.360 | I51: W72°51.568
A52: 50 | B52: Manaure | C52: PACTALIA | D52: 13 | E52: =D52*6 -> 78 | F52: 35 | G52: =E52-F52 -> 43 | H52: 11°33´44.2" | I52: 72°50´12"
A53: 51 | B53: Manaure | C53: PALIYU | D53: 21 | E53: =D53*6 -> 126 | F53: 44 | G53: =E53-F53 -> 82 | H53: 11°30´43.8" | I53: 72°25´52"
A54: 52 | B54: Manaure | C54: PANERRAKISHI | D54: 15 | E54: =D54*6 -> 90 | F54: 29 | G54: =E54-F54 -> 61 | H54: 11°30´57.59" | I54: 72°26´7.39"

Sheet Hoja5
A1: República de Colombia
A2: Gobernación de La Guajira
A3: Secretaría de Obras Públicas y Vías Departamental
A5: LISTADO DE PRECIOS JUNIO DE 2.014
A8: PARTE II
A10: ITEM | B10: DESCRIPCION | D10: UNIDAD | E10: VALOR UNITARIO | F10: VALOR UNITARIO
A12: 18 | B12: SISTEMAS NO CONVENCIONALES | G12: Según el IPC (DANE) | K12: 70% Sin AIU 2018
A13: 18.1 | B13: MANTENIMIENTO DE POZOS | G13: IPC 2015 6,77 | H13: IPC 2016 5,75 | I13: IPC 2017 4,08 (Mes Dic) | J13: IPC 2018 2,56 ( Mes Jun) | K13: IPC 2018 3,18% ( Mes Dic) | L13: IPC 2019 3,80% ( Mes Dic) | M13: IPC 2020 1,67 % ( Mes Mar)
A14: 18.1.1 | B14: Traslado de maquinaria, equipo y personal incluye compresor de aire de 175 c.f.m y 120 p.s.i tripode tuberia, quimicos , manilas y herramienta | D14: Glb | E14: 1957822 | F14: 2488885 | G14: 2657382.5 | H14: 2810182 | I14: 2924837.4 | J14: 2999713.3 | K14: 3017847.3 | L14: 3132525.5 | M14: 3184838.6
A15: 18.1.2 | B15: Lavado de pozo con compresor lavado , contralavado y surgencia utilizando compresor de aire 120 psi y 175 cfm a lo largo de cada tramo de filtro, hasta obtener agua cristalino y libre de solido en suspension | D15: Glb | E15: 2326064 | F15: 2588444 | G15: 2763681.7 | H15: 2922593.4 | I15: 3041835.2 | J15: 3119706.1 | K15: 3138565.5 | L15: 3257831 | M15: 3312236.8
A16: 18.1.3 | B16: Suministro y aplicación de hexametafosfato de sodio y acido sulfamico | D16: Glb | E16: 2327161 | F16: 2589664 | G16: 2764984.3 | H16: 2923970.8 | I16: 3043268.9 | J16: 3121176.5 | K16: 3140044.8 | L16: 3259366.5 | M16: 3313797.9
A17: 18.1.4 | B17: Prueba de bombeo a caudal constante con bomba y duracion 8 horas continuas, se tomaran de recuperacion con sonda de niveles | D17: Glb | E17: 1426360 | F17: 1587253 | G17: 1694710 | H17: 1792155.9 | I17: 1865275.8 | J17: 1913026.9 | K17: 1924591.6 | L17: 1997726.1 | M17: 2031088.1
G18: 0 | H18: 0 | I18: 0 | K18: 0 | L18: 0 | M18: 0
A19: 18.2 | B19: SUMINISTRO E INSTALACIÓN DE MOLINO DE VIENTO DE 12 MTS DE TORRE | K19: 0 | L19: 0 | M19: 0
A20: 18.2.1 | B20: Suministro de Molino de Viento, Tipo Aeromotor de 12” Connvertidor (máquina o motor)+ aspas+cola+armazon de cola+tubo sosten+mecanismo completo del freno. Evidencias Fotográfica y firma de la comunidad por la entrega. | D20: Unid | E20: 31113530 | F20: 34030547 | G20: 36334415 | H20: 38423644 | I20: 39991329 | J20: 41015107 | K20: 41263053 | L20: 42831049 | M20: 43546327
A21: 18.2.2 | B21: Suministro e instalacion del Cilindro de bombeo 3 ½ subsionador con tapas, piston y cheques de bronce | D21: Unid | E21: 1265233 | F21: 1407951 | G21: 1503269.3 | H21: 1589707.3 | I21: 1654567.3 | J21: 1696924.2 | K21: 1707182.6 | L21: 1772055.5 | M21: 1801648.8
A22: 18.2.3 | B22: Construcción de pedestales en concreto de sección de 0,40 x 0,50 x 0,8 mts base de torre. Cuatro (4) Bases | D22: Unid | E22: 471885 | F22: 125839 | G22: 134358.3 | H22: 142083.9 | I22: 147880.93 | J22: 151666.68 | K22: 152583.54 | L22: 158381.71 | M22: 161026.69
A23: 18.2.4 | B23: Tornillos-Perno de Anclaje Pedestal c/u 3/4"x 6"Galvanizados | D23: Unid | F23: 64200 | G23: 68546.34 | H23: 72487.755 | I23: 75445.255 | J23: 77376.653 | K23: 77844.414 | L23: 80802.502 | M23: 82151.904
A24: 18.2.5 | B24: Construcción de zapatas en concreto ciclópeo de sección 1,0x1,0 x 0,60 mts concreto de 3000 psi para base de torre. | D24: Unid | E24: 1769564 | F24: 472018 | G24: 503973.62 | H24: 532952.1 | I24: 554696.55 | J24: 568896.78 | K24: 572335.9 | L24: 594084.66 | M24: 604005.88
A25: 18.2.6 | B25: Suministro e instalación de tubería galvanizada de 6 mts y 2”, incluye varillas y uniones de 2 ½” para varilla, incluye tubería PVC hasta la alberca max. 30 mts. | D25: Glb | E25: 2681079 | F25: 3154578 | G25: 3368142.9 | H25: 3561811.1 | I25: 3707133 | J25: 3802035.6 | K25: 3825019.9 | L25: 3970370.6 | M25: 4036675.8
A26: 18.2.7 | B26: Construcción de pedestales en concreto de sección de 0,50 x 0,50 x 0,8 mts soporte de tubería de succión y cilindro de bombeo. | D26: Unid | E26: 147464 | F26: 147009 | G26: 156961.51 | H26: 165986.8 | I26: 172759.06 | J26: 177181.69 | K26: 178252.8 | L26: 185026.4 | M26: 188116.34
A27: 18.2.8 | B27: Mano de Obra, incluye excavación, transporte de materiales y personal al sitio de trabajo, y prueba de bombas. | D27: Glb | E27: 2604889 | F27: 2787231 | G27: 2975926.5 | H27: 3147042.3 | I27: 3275441.6 | J27: 3359292.9 | K27: 3379600.7 | L27: 3508025.5 | M27: 3566609.5
G28: 0 | H28: 0 | I28: 0 | K28: 0 | L28: 0 | M28: 0
A29: 18.3 | B29: CODIGO | C29: PARTES DEL MOLINO | G29: 0 | H29: 0 | I29: 0 | K29: 0 | L29: 0 | M29: 0
A30: 18.3.1 | B30: 13 | C30: Grapa Torre de Molino | D30: Unid | F30: 44512 | G30: 47525.462 | H30: 50258.176 | I30: 52308.71 | J30: 53647.813 | K30: 53972.127 | L30: 56023.068 | M30: 56958.653
A31: 18.3.2 | B31: 17 | C31: Oreja de aspa | D31: Unid | F31: 23368 | G31: 24950.014 | H31: 26384.639 | I31: 27461.133 | J31: 28164.138 | K31: 28334.397 | L31: 29411.104 | M31: 29902.269
A32: 18.3.3 | B32: 28 | C32: Resorte de veleta | D32: Unid | F32: 239993 | G32: 256240.53 | H32: 270974.36 | I32: 282030.11 | J32: 289250.08 | K32: 290998.67 | L32: 302056.62 | M32: 307100.96
A33: 18.3.4 | B33: 31 | C33: Veleta - Pantalla de cola con grapas en U. 44 y 46 | D33: Unid | F33: 1687262 | G33: 1801489.6 | H33: 1905075.3 | I33: 1982802.4 | J33: 2033562.1 | K33: 2045855.5 | L33: 2123598 | M33: 2159062.1
A34: 18.3.5 | B34: 34 | C34: Aro externo ó arco exterior | D34: Unid | F34: 83460 | G34: 89110.242 | H34: 94234.081 | I34: 98078.831 | J34: 100589.65 | K34: 101197.74 | L34: 105043.25 | M34: 106797.47
A35: 18.3.6 | B35: 35 | C35: Aro interno ó arco interior | D35: Unid | F35: 61204 | G35: 65347.511 | H35: 69104.993 | I35: 71924.476 | J35: 73765.743 | K35: 74211.675 | L35: 77031.718 | M35: 78318.148
A36: 18.3.7 | B36: 44 | C36: Grapa angosta en U para la Veleta | D36: Unid | F36: 10670 | G36: 11392.359 | H36: 12047.42 | I36: 12538.954 | J36: 12859.952 | K36: 12937.693 | L36: 13429.325 | M36: 13653.595
A37: 18.3.8 | B37: 46 | C37: Grapa ancha en U para la Veleta | D37: Unid | F37: 16050 | G37: 17136.585 | H37: 18121.939 | I37: 18861.314 | J37: 19344.163 | K37: 19461.104 | L37: 20200.625 | M37: 20537.976
A38: 18.3.9 | B38: 51 | C38: Fusible -Poste de Madera de 14 Pies de longitud (4,27 metros) | D38: Unid | F38: 104603 | G38: 111684.62 | H38: 118106.49 | I38: 122925.23 | J38: 126072.12 | K38: 126834.26 | L38: 131653.96 | M38: 133852.58
A39: 18.3.10 | B39: 62 | C39: Antitorsión Solo - antitorsión (Unión de varillas del sistema de bombeo, con el fusible de madera) | D39: Unid | F39: 140210 | G39: 149702.22 | H39: 158310.09 | I39: 164769.15 | J39: 168987.24 | K39: 170008.81 | L39: 176469.14 | M39: 179416.17
A40: 18.3.11 | B40: 82 (PR) | C40: Empalme de las puntas. Conjunto bomba/polos de empalme Empalme de la punta o fusible del sistema de bombeo | D40: Unid | F40: 42780 | G40: 45676.206 | H40: 48302.588 | I40: 50273.333 | J40: 51560.331 | K40: 51872.025 | L40: 53843.162 | M40: 54742.343
A41: 18.3.12 | B41: 100 | C41: Pala - Hélice-Aspa del rotor. Conecta #17 | D41: Unid | F41: 92662 | G41: 98935.217 | H41: 104623.99 | I41: 108892.65 | J41: 111680.3 | K41: 112355.44 | L41: 116624.94 | M41: 118572.58
A42: 18.3.13 | B42: 101 | C42: Costilla de la pala - Guia de aspas | D42: Unid | F42: 61204 | G42: 65347.511 | H42: 69104.993 | I42: 71924.476 | J42: 73765.743 | K42: 74211.675 | L42: 77031.718 | M42: 78318.148
A43: 18.3.14 | B43: 171 | C43: Varilla Master conecta la bomba con el convertidor Modelo 802 + Antitorsión. | D43: Unid | F43: 491182 | G43: 524435.02 | H43: 554590.04 | I43: 577217.31 | J43: 591994.07 | K43: 595572.82 | L43: 618204.59 | M43: 628528.6
A44: 18.3.15 | B44: 243 -1/2 | C44: Palanca de freno + Guaya para frenar. (Gauya de Acero ) | D44: Unid | F44: 200827 | G44: 214422.99 | H44: 226752.31 | I44: 236003.8 | J44: 242045.5 | K44: 243508.72 | L44: 252762.06 | M44: 256983.18
A45: 18.3.16 | B45: 268 | C45: Antitorsion para la varilla de mando No 171 | D45: Unid | F45: 499936 | G45: 533781.67 | H45: 564474.11 | I45: 587504.66 | J45: 602544.78 | K45: 606187.3 | L45: 629222.42 | M45: 639730.44
A46: 18.3.17 | B46: 333 | C46: Abrazadera sistema # 243 - 1/2 | D46: Unid | G46: 0 | H46: 0 | I46: 0 | K46: 0 | L46: 0 | M46: 0
A47: 18.3.18 | B47: 507 | C47: Anillo de lubricación del convertidor | D47: Unid | F47: 31158 | G47: 33267.397 | H47: 35180.272 | I47: 36615.627 | J47: 37552.987 | K47: 37780.004 | L47: 39215.644 | M47: 39870.545
A48: 18.3.19 | B48: 508 | C48: Guía de Rueda 523, Esparrago 588, guías remaches 508 R. | D48: Unid | F48: 556400 | G48: 594068.28 | H48: 628227.21 | I48: 653858.88 | J48: 670597.66 | K48: 674651.59 | L48: 700288.35 | M48: 711983.16
A49: 18.3.20 | B49: 508 R | C49: Remaches de la guia de la rueda | D49: Unid | F49: 19087 | G49: 20379.19 | H49: 21550.993 | I49: 22430.274 | J49: 23004.489 | K49: 23143.557 | L49: 24023.012 | M49: 24424.196
A50: 18.3.21 | B50: 510 | C50: Pasador de cola - Pivote de cola o Tornillo Bisagra de cola | D50: Unid | F50: 334156 | G50: 356778.36 | H50: 377293.12 | I50: 392686.68 | J50: 402739.46 | K50: 405174.11 | L50: 420570.73 | M50: 427594.26
A51: 18.3.22 | B51: 510 R | C51: Pasador de cola - Reconstruido | D51: Unid | F51: 166920 | G51: 178220.48 | H51: 188468.16 | I51: 196157.66 | J51: 201179.3 | K51: 202395.48 | L51: 210086.5 | M51: 213594.95
A52: 18.3.23 | B52: 517 | C52: Resorte de arandela lubricación # 718 | D52: Unid | F52: 51360 | G52: 54837.072 | H52: 57990.204 | I52: 60356.204 | J52: 61901.323 | K52: 62275.531 | L52: 64642.001 | M52: 65721.523
A53: 18.3.24 | B53: 520 | C53: Tapón Colector de aceite | D53: Unid | F53: 42800 | G53: 45697.56 | H53: 48325.17 | I53: 50296.837 | J53: 51584.436 | K53: 51896.276 | L53: 53868.335 | M53: 54767.936 | O53: =+M52+M95 -> 164303.81
A54: 18.3.25 | B54: 521 | C54: Arandela lubricación base convertidor. ( No 517 + 718) | D54: Unid | F54: 140213 | G54: 149705.42 | H54: 158313.48 | I54: 164772.67 | J54: 168990.85 | K54: 170012.44 | L54: 176472.92 | M54: 179420.01
A55: 18.3.26 | B55: 522 | C55: Eje Rueda guía - Eje pasador de la rueda guia de la Biela, conecta yugo, varilla y Bielas Eje de carro guía. | D55: Unid | F55: 154568 | G55: 165032.25 | H55: 174521.61 | I55: 181642.09 | J55: 186292.13 | K55: 187418.31 | L55: 194540.2 | M55: 197789.03
A56: 18.3.27 | B56: 523 | C56: Rueda guia - Roldana guía | D56: Unid | F56: 185499 | G56: 198057.28 | H56: 209445.58 | I56: 217990.96 | J56: 223571.52 | K56: 224923.07 | L56: 233470.14 | M56: 237369.1
A57: 18.3.28 | B57: 527 | C57: Varilla Z -Varilla de activar freno del molino | D57: Unid | F57: 83032 | G57: 88653.266 | H57: 93750.829 | I57: 97575.863 | J57: 100073.81 | K57: 100678.78 | L57: 104504.57 | M57: 106249.8
A58: 18.3.29 | B58: 528 | C58: Antenas plegadoras | D58: Unid | F58: 228775 | G58: 244263.07 | H58: 258308.19 | I58: 268847.17 | J58: 275729.66 | K58: 277396.51 | L58: 287937.58 | M58: 292746.13
A59: 18.3.30 | B59: 528-1/2 | C59: Antenas plegadoras - el par o juego | D59: Unid | F59: 228775 | G59: 244263.07 | H59: 258308.19 | I59: 268847.17 | J59: 275729.66 | K59: 277396.51 | L59: 287937.58 | M59: 292746.13
A60: 18.3.31 | B60: 560 | C60: Tapa de la caracaza o convertidor | D60: Unid | F60: 333840 | G60: 356440.97 | H60: 376936.32 | I60: 392315.33 | J60: 402358.6 | K60: 404790.95 | L60: 420173.01 | M60: 427189.9
A61: 18.3.32 | B61: 565 | C61: Tuerca fijadora de Tapa | D61: Unid | F61: 8560 | G61: 9139.512 | H61: 9665.0339 | I61: 10059.367 | J61: 10316.887 | K61: 10379.255 | L61: 10773.667 | M61: 10953.587
A62: 18.3.33 | B62: 570 | C62: Tuerca - Seguridad de tubo de soten | D62: Unid | F62: 22256 | G62: 23762.731 | H62: 25129.088 | I62: 26154.355 | J62: 26823.907 | K62: 26986.064 | L62: 28011.534 | M62: 28479.327
A63: 18.3.34 | B63: 576 | C63: Arandelas-acero fricción base Convertidor | D63: Unid | F63: 46737 | G63: 49901.095 | H63: 52770.408 | I63: 54923.44 | J63: 56329.481 | K63: 56670.006 | L63: 58823.466 | M63: 59805.818
A64: 18.3.35 | B64: 578 | C64: Tuerca-Seguridad de Tubo sostén No 661 | D64: Unid | F64: 153300 | G64: 163678.41 | H64: 173089.92 | I64: 180151.99 | J64: 184763.88 | K64: 185880.82 | L64: 192944.29 | M64: 196166.46
A65: 18.3.36 | B65: 579 | C65: Arandela de seguridad tubo sostén | D65: Unid | F65: 35040 | G65: 37412.208 | H65: 39563.41 | I65: 41177.597 | J65: 42231.744 | K65: 42487.045 | L65: 44101.552 | M65: 44838.048
A66: 18.3.37 | B66: 580 | C66: Perno Resorte Veleta - Sujeción del muelle de la Veleta al convertidor | D66: Unid | F66: 142773 | G66: 152438.73 | H66: 161203.96 | I66: 167781.08 | J66: 172076.28 | K66: 173116.52 | L66: 179694.95 | M66: 182695.85
A67: 18.3.38 | B67: 585 | C67: Pivote Largo - Rabadilla de reparto | D67: Unid | F67: 396281 | G67: 423109.22 | H67: 447438 | I67: 465693.47 | J67: 477615.23 | K67: 480502.53 | L67: 498761.62 | M67: 507090.94
A68: 18.3.39 | B68: 588 | C68: Tornillo y tuerca # 565 fijadora de la tapa | D68: Unid | F68: 16041 | G68: 17126.976 | H68: 18111.777 | I68: 18850.737 | J68: 19333.316 | K68: 19450.191 | L68: 20189.298 | M68: 20526.459
A69: 18.3.40 | B69: 608 | C69: Horquilla de mando - Yugo ó pieza para unir y activar los 3 elementos principales - Bielas, Horquilla y Rueda | D69: Unid | F69: 322712 | G69: 344559.6 | H69: 364371.78 | I69: 379238.15 | J69: 388946.64 | K69: 391297.92 | L69: 406167.24 | M69: 412950.24
A70: 18.3.41 | B70: 609 | C70: Sistema de activación del freno - Torre Cuatro puntos de apoyo - con # 614 | D70: Unid | F70: 712836 | G70: 761095 | H70: 804857.96 | I70: 837696.16 | J70: 859141.19 | K70: 864334.9 | L70: 897179.63 | M70: 912162.53
A71: 18.3.42 | B71: 610 | C71: Pasador Yugo -Yoke # 608 con # 171 | D71: Unid | F71: 43563 | G71: 46512.215 | H71: 49186.667 | I71: 51193.484 | J71: 52504.037 | K71: 52821.436 | L71: 54828.651 | M71: 55744.289
A72: 18.3.43 | B72: 613 | C72: Arandela deslizante del Sistema de freno | D72: Unid | F72: 513385 | G72: 548141.16 | H72: 579659.28 | I72: 603309.38 | J72: 618754.1 | K72: 622494.62 | L72: 646149.41 | M72: 656940.11
A73: 18.3.44 | B73: 613 - 1/2 | C73: Sistema Activador de antenas plegadoras | D73: Unid | F73: 440820 | G73: 470663.51 | H73: 497726.67 | I73: 518033.91 | J73: 531295.58 | K73: 534507.39 | L73: 554818.67 | M73: 564084.15
A74: 18.3.45 | B74: 614 S | C74: Buje deslizante - Sistema de freno 4 post. | D74: Unid | F74: 180274 | G74: 192478.55 | H74: 203546.07 | I74: 211850.75 | J74: 217274.13 | K74: 218587.6 | L74: 226893.93 | M74: 230683.06
A75: 18.3.46 | B75: 622 | C75: Pasador pin-Conexión de Biela con Piñon o ruedad reductora | D75: Unid | F75: 27820 | G75: 29703.414 | H75: 31411.36 | I75: 32692.944 | J75: 33529.883 | K75: 33732.579 | L75: 35014.417 | M75: 35599.158
A76: 18.3.47 | B76: 639 | C76: Armason de cola - Ensamble de brazo soporte de la veleta apoyado en el pasador de cola # 510 | D76: Unid | F76: 1172923 | G76: 1252329.9 | H76: 1324338.9 | I76: 1378371.9 | J76: 1413658.2 | K76: 1422204.1 | L76: 1476247.9 | M76: 1500901.2
A77: 18.3.48 | B77: 639R | C77: Armazon de cola REPARACION ( conjunto armazon de cola) | D77: Unid | F77: 46842 | G77: 50013.203 | H77: 52888.963 | I77: 55046.832 | J77: 56456.031 | K77: 56797.322 | L77: 58955.62 | M77: 59940.179
A78: 18.3.49 | B78: 646 | C78: Sistema Amortiguador Banda del Freno | D78: Unid | F78: 32100 | G78: 34273.17 | H78: 36243.877 | I78: 37722.627 | J78: 38688.327 | K78: 38922.207 | L78: 40401.251 | M78: 41075.952
A79: 18.3.50 | B79: 649 | C79: Resorte amortiguador de cola de resorte largo | D79: Unid | F79: 161978 | G79: 172943.91 | H79: 182888.19 | I79: 190350.02 | J79: 195222.98 | K79: 196403.15 | L79: 203866.47 | M79: 207271.04
A80: 18.3.51 | B80: 659 | C80: Amortiguador retorno de cola completo | D80: Unid | F80: 819060 | G80: 874510.36 | H80: 924794.71 | I80: 962526.33 | J80: 987167.01 | K80: 993134.67 | L80: 1030873.8 | M80: 1048089.4
A81: 18.3.52 | B81: 661 - 1/2 | C81: Tubo sostén completo - Caño sostén 4 huecos de soportes para torre de 4 patas | D81: Unid | F81: 1863940 | G81: 1990128.7 | H81: 2104561.1 | I81: 2190427.2 | J81: 2246502.2 | K81: 2260082.8 | L81: 2345966 | M81: 2385143.6
A82: 18.3.53 | B82: 661 - 1/2 R | C82: Tubo sostén completo - Reconstruido | D82: Unid | F82: 1333536 | G82: 1423816.4 | H82: 1505685.8 | I82: 1567117.8 | J82: 1607236 | K82: 1616952.2 | L82: 1678396.3 | M82: 1706425.6
A83: 18.3.54 | B83: 674 | C83: Base del tubo sostén 4Post sola | D83: Unid | F83: 514730 | G83: 549577.22 | H83: 581177.91 | I83: 604889.97 | J83: 620375.15 | K83: 624125.47 | L83: 647842.24 | M83: 658661.2
A84: 18.3.55 | B84: 686 | C84: Biela con buje insertado (Biela+buje de babbit) -Armadura | D84: Unid | F84: 520692 | G84: 555942.85 | H84: 587909.56 | I84: 611896.27 | J84: 627560.82 | K84: 631354.57 | L84: 655346.05 | M84: 666290.33
A85: 18.3.56 | B85: 686 R | C85: buje insertado de la biela reconstruido | D85: Unid | F85: 144450 | G85: 154229.27 | H85: 163097.45 | I85: 169751.82 | J85: 174097.47 | K85: 175149.93 | L85: 181805.63 | M85: 184841.78
A86: 18.3.57 | B86: 690 | C86: Banda de freno completa Kit Vincha) | D86: Unid | F86: 386786 | G86: 412971.41 | H86: 436717.27 | I86: 454535.33 | J86: 466171.44 | K86: 468989.56 | L86: 486811.16 | M86: 494940.91
A87: 18.3.58 | B87: 703 | C87: Ensamble cubo porta aspas, cuña # 744, eje campana de freno y pasador punta de eje # 729 (kit cubo +cuña+eje+pasador) | D87: Unid | F87: 3839143 | G87: 4099053 | H87: 4334748.5 | I87: 4511606.3 | J87: 4627103.4 | K87: 4655075.3 | L87: 4831968.2 | M87: 4912662.1
A88: 18.3.59 | B88: 703R | C88: Eje - Campana reconstruido | D88: Unid | F88: 2225600 | G88: 2376273.1 | H88: 2512908.8 | I88: 2615435.5 | J88: 2682390.7 | K88: 2698606.4 | L88: 2801153.4 | M88: 2847932.7
A89: 18.3.60 | B89: 704 | C89: Piñones pequeños Engranaje motriz | D89: Unid | F89: 298230 | G89: 318420.17 | H89: 336729.33 | I89: 350467.89 | J89: 359439.87 | K89: 361612.77 | L89: 375354.05 | M89: 381622.46
A90: 18.3.61 | B90: 704 R | C90: Reconstrucción Piñones pequeños Engranaje motriz | D90: Unid | F90: 231120 | G90: 246766.82 | H90: 260955.92 | I90: 271602.92 | J90: 278555.95 | K90: 280239.89 | L90: 290889.01 | M90: 295746.85
A91: 18.3.62 | B91: 705 | C91: Piñones grandes Engranaje reductor | D91: Unid | F91: 997069 | G91: 1064570.6 | H91: 1125783.4 | I91: 1171715.3 | J91: 1201711.3 | K91: 1208975.9 | L91: 1254917 | M91: 1275874.1
A92: 18.3.63 | B92: 705 R | C92: Recontrucción Piñones grandes Engranaje reductor | D92: Unid | F92: 513600 | G92: 548370.72 | H92: 579902.04 | I92: 603562.04 | J92: 619013.23 | K92: 622755.31 | L92: 646420.01 | M92: 657215.23
A93: 18.3.64 | B93: 708 | C93: Cojinete renovable piñones pequeños | D93: Unid | F93: 481082 | G93: 513651.25 | H93: 543186.2 | I93: 565348.2 | J93: 579821.11 | K93: 583326.27 | L93: 605492.67 | M93: 615604.39
A94: 18.3.65 | B94: 711 | C94: Socket retenedor del tapón conector de aceite # 520 | D94: Unid | F94: 48150 | G94: 51409.755 | H94: 54365.816 | I94: 56583.941 | J94: 58032.49 | K94: 58383.311 | L94: 60601.876 | M94: 61613.928
A95: 18.3.66 | B95: 718 | C95: Arandela de lubricación o guaza retenedora (Anillo con pico) | D95: Unid | F95: 77040 | G95: 82255.608 | H95: 86985.305 | I95: 90534.306 | J95: 92851.984 | K95: 93413.297 | L95: 96963.002 | M95: 98582.284
A96: 18.3.67 | B96: 719 | C96: Eje principal del Rotor solo - Convertidor 703 | D96: Unid | F96: 2225600 | G96: 2376273.1 | H96: 2512908.8 | I96: 2615435.5 | J96: 2682390.7 | K96: 2698606.4 | L96: 2801153.4 | M96: 2847932.7
A97: 18.3.68 | B97: 720 | C97: Eje Piñones Reductores # 705 | D97: Unid | F97: 272806 | G97: 291274.97 | H97: 308023.28 | I97: 320590.63 | J97: 328797.75 | K97: 330785.41 | L97: 343355.25 | M97: 349089.29
A98: 18.3.69 | B98: 721 | C98: Pines del eje # 720 (pasadores tranque seguridad piñones grandes -reductores) | D98: Unid | F98: 16692 | G98: 17822.048 | H98: 18846.816 | I98: 19615.766 | J98: 20117.93 | K98: 20239.548 | L98: 21008.65 | M98: 21359.495
A99: 18.3.70 | B99: 729 | C99: Pin pasador para eje # 719 | D99: Unid | F99: 21900 | G99: 23382.63 | H99: 24727.131 | I99: 25735.998 | J99: 26394.84 | K99: 26554.403 | L99: 27563.47 | M99: 28023.78
A100: 18.3.71 | B100: 730 | C100: Buje flauta o Cojinete renovable | D100: Unid | F100: 683280 | G100: 729538.06 | H100: 771486.49 | I100: 802963.14 | J100: 823519 | K100: 828497.37 | L100: 859980.27 | M100: 874341.94
A101: 18.3.72 | B101: 736 | C101: Radio completo - Armadura-esqueleto rotor con sus radios, tuercas, tornillos y guazas | D101: Unid | F101: 129085 | G101: 137824.05 | H101: 145748.94 | I101: 151695.49 | J101: 155578.9 | K101: 156519.41 | L101: 162467.15 | M101: 165180.35
A102: 18.3.73 | B102: 744 | C102: Cuña piñones pequeños # 704 (caveta o cuña para piñones peq) | D102: Unid | F102: 108579 | G102: 115929.8 | H102: 122595.76 | I102: 127597.67 | J102: 130864.17 | K102: 131655.27 | L102: 136658.18 | M102: 138940.37
A103: 18.3.74 | B103: 748 | C103: Veleta completa | D103: Unid | G103: 0 | H103: 0 | J103: 0 | K103: 0 | L103: 0 | M103: 0
A104: 18.3.75 | B104: 751 | C104: Prensa del porta buje Piñones # 705 | D104: Unid | F104: 89024 | G104: 95050.925 | H104: 100516.35 | I104: 104617.42 | J104: 107295.63 | K104: 107944.25 | L104: 112046.14 | M104: 113917.31
A105: 18.3.76 | B105: 752 | C105: Buje de piñones reductores Grandes | D105: Unid | F105: 525695 | G105: 561284.55 | H105: 593558.41 | I105: 617775.6 | J105: 633590.65 | K105: 637420.86 | L105: 661642.85 | M105: 672692.29
...
